 Dungeon Crawl Stone Soup version 0.30.1-11-g7821555f0a (webtiles) character file.

Game seed: 8006722867022508960

7863258 Nonny the Ninja (level 27, 199/199 HPs)
             Began as a Kobold Gladiator on Dec 8, 2023.
             Was the Champion of Ru.
             Escaped with the Orb
             ... and 11 runes on Dec 9, 2023!
             The game lasted 06:07:20 (114608 turns).

Nonny the Ninja (Kobold Gladiator)                Turns: 114608, Time: 06:07:21

Health: 199/199    AC: 15    Str: 10      XL:     27
Magic:  23/23      EV: 47    Int:  9 (10) God:    Ru [******]
Gold:   5928       SH:  0    Dex: 28 (29) Spells: 26/26 levels left

rFire   + + .        T - +9 rapier (elec)
rCold   + + +        (shield unavailable)
rNeg    . . .        K - +5 robe of Night {Dark Will+ SInv}
rPois   +            (helmet restricted)
rElec   .            C - scarf of Afejigg {shadows, -Cast rPois rF+ rC++}
rCorr   +            t - +2 pair of gloves {rC+}
SInv    +            W - +2 pair of boots {rampage}
Will    +++..        O - amulet "Fodduan" {rPois Regen+ Str-4 Dex+4 Stlth+}
Stlth   ++++         (ring unavailable)
HPRegen 1.33/turn    Y - ring "Jotyl" {rPois rF+ rCorr Str+2 Int-2}
MPRegen 0.18/turn

%: no spellcasting, rampage
@: studying 3 skills
A: small, no large weapons, nightstalker 3, no potion heal 1, missing a hand,
cowardly, unskilled 1, missing an eye, antennae 1, fangs 1, clumsy 1,
deterioration 1
0: Orb of Zot
}: 11/15 runes: serpentine, barnacled, slimy, silver, icy, abyssal, demonic,
glowing, magical, fiery, dark
a: Renounce Religion, Draw Out Power, Power Leap, Apocalypse


You escaped.
You worshipped Ru.
Ru was exalted by your worship.
You visited 14 branches of the dungeon, and saw 64 of its levels.
You visited Pandemonium 1 time, and saw 14 of its levels.
You visited the Abyss 2 times.
You visited 1 bazaar.
You also visited: Ice Cave.

You collected 10869 gold pieces.
You spent 4941 gold pieces at shops.

Inventory:

Hand Weapons
 o - a +1 antimagic dagger
 G - a +4 eudemon blade of holy wrath
 T - a +9 rapier of electrocution (weapon)
Missiles
 e - 43 boomerangs (quivered)
 f - 10 boomerangs of dispersal
 w - 4 datura-tipped darts
 y - 5 curare-tipped darts
 B - 11 silver boomerangs
 D - 2 throwing nets
 M - 5 atropa-tipped darts
Armour
 c - a +0 helmet of intelligence
 t - a +2 pair of gloves of cold resistance (worn)
 C - the scarf of Afejigg (worn) {shadows, -Cast rPois rF+ rC++}
   (You acquired it on level 4 of the Vaults)

   rF:        It protects you from fire.
   rC:        It greatly protects you from cold.
   rPois:     It protects you from poison.
   -Cast:     It prevents spellcasting.
 K - the +5 robe of Night (worn) {Dark Will+ SInv}
   (You found it on level 13 of the Dungeon)

   Dark:      It shrouds the wearer in darkness, reducing the range at which
   they can see and be seen by others.
   SInv:      It lets you see invisible.
   Will:      It increases your willpower.
 W - a +2 pair of boots of rampaging (worn)
Jewellery
 a - the ring "Yhasch" {rN+ Int+2 Dex+3}
   (You found it on level 3 of the Crypt)

   [ring of positive energy]

   Int:       It affects your intelligence (+2).
   Dex:       It affects your dexterity (+3).
   rN:        It protects you from negative energy.
 b - the ring "Ryqigou" {rN+ SInv}
   (You found it on level 7 of Cocytus)

   [ring of see invisible]

   rN:        It protects you from negative energy.
   SInv:      It lets you see invisible.
 j - a ring of flight
 z - a ring of the Octopus King {HP+2 MP+9 AC+2 EV+2 SH+2}
   (You took it off a deep elf elementalist on level 3 of the Elven Halls)

   [ring of magical power]

   AC:        It affects your AC (+2).
   EV:        It affects your evasion (+2).
   HP:        It affects your health (+2).
   MP:        It affects your magic capacity (+9).
   SH:        It affects your SH (+2).
 F - the ring of Greed {Fire rElec rPois Int+6 Dex+3}
   (You found it on level 1 of the Snake Pit)

   [ring of fire]

   It enhances your fire magic.
   Int:       It affects your intelligence (+6).
   Dex:       It affects your dexterity (+3).
   rF:        It protects you from fire.
   rC:        It makes you vulnerable to cold.
   rElec:     It insulates you from electricity.
   rPois:     It protects you from poison.
 O - the amulet "Fodduan" (around neck) {rPois Regen+ Str-4 Dex+4 Stlth+}
   (You found it on level 3 of the Crypt)

   [amulet of regeneration]

   Str:       It affects your strength (-4).
   Dex:       It affects your dexterity (+4).
   rPois:     It protects you from poison.
   Regen:     It increases your rate of health regeneration.
   Stlth:     It makes you more stealthy.
 Q - the ring of Isuugg {rPois rF- Will+++ Str+3 Int+6}
   (You found it on level 5 of the Lair of Beasts)

   [ring of intelligence]

   Str:       It affects your strength (+3).
   Int:       It affects your intelligence (+6).
   rF:        It makes you vulnerable to fire.
   rPois:     It protects you from poison.
   Will:      It greatly increases your willpower.
 Y - the ring "Jotyl" (right hand) {rPois rF+ rCorr Str+2 Int-2}
   (You bought it in a shop on level 4 of the Snake Pit)

   [ring of resist corrosion]

   Str:       It affects your strength (+2).
   Int:       It affects your intelligence (-2).
   rF:        It protects you from fire.
   rPois:     It protects you from poison.
   rCorr:     It protects you from acid and corrosion.
Wands
 r - a wand of roots (77)
 E - a wand of paralysis (61)
 I - a wand of digging (23)
 L - a wand of light (31)
 R - a wand of flame (158)
 U - a wand of mindburst (86)
 Z - a wand of polymorph (28)
Scrolls
 h - 4 scrolls of fear
 l - 4 scrolls of blinking
 p - 15 scrolls of teleportation
 x - 11 scrolls of fog
 S - 5 scrolls of silence
Potions
 i - 32 potions of curing
 k - 8 potions of magic
 m - 3 potions of haste
 n - 2 potions of berserk rage
 q - 12 potions of flight
 s - 4 potions of cancellation
 u - 8 potions of might
 v - 4 potions of invisibility
 N - a potion of resistance
 V - 6 potions of mutation
Miscellaneous
 d - a tin of tremorstones (2/2)
 g - a lightning rod (4/4)
 A - a phantom mirror
 J - a box of beasts
 X - a phial of floods


   Skills:
 O Level 27 Fighting
 O Level 27 Short Blades
 * Level 24.2 Throwing
 * Level 12.4 Armour
 O Level 27 Dodging
 O Level 27 Stealth
 * Level 18.6 Evocations


You had 26 spell levels left.
You didn't know any spells.
Your spell library contained the following spells:

 Spells                   Type           Power      Damage    Failure   Level
 Apportation              Tloc           0%         N/A       38%         1
 Beastly Appendage        Tmut           0%         N/A       38%         1
 Freeze                   Ice            0%         1d3       38%         1
 Necrotise                Necr           0%         1d4       38%         1
 Sandblast                Erth           0%         2d4       38%         1
 Shock                    Conj/Air       0%         1d3       38%         1
 Sting                    Tmut/Pois      0%         1d3       38%         1
 Summon Small Mammal      Summ           0%         N/A       38%         1
 Cigotuvi's Dreadful Rot  Necr/Pois/Air  0%         N/A       52%         2
 Lesser Beckoning         Tloc           0%         N/A       52%         2
 Passwall                 Tmut/Erth      0%         N/A       52%         2
 Poisonous Vapours        Pois/Air       0%         N/A       52%         2
 Static Discharge         Conj/Air       0%         2-2/arc   52%         2
 Wereblood                Tmut           0%         N/A       52%         2
 Call Canine Familiar     Summ           0%         N/A       77%         3
 Dazzling Flash           Conj/Hex       0%         N/A       77%         3
 Frozen Ramparts          Ice            0%         1d1       77%         3
 Gell's Gravitas          Tloc           0%         N/A       77%         3
 Hailstorm                Conj/Ice       0%         3d3       77%         3
 Mephitic Cloud           Conj/Pois/Air  0%         N/A       77%         3
 Ozocubu's Armour         Ice            0%         N/A       77%         3
 Portal Projectile        Hex/Tloc       0%         N/A       77%         3
 Spider Form              Tmut/Pois      0%         N/A       77%         3
 Stone Arrow              Conj/Erth      0%         3d7       77%         3
 Summon Guardian Golem    Hex/Summ       0%         N/A       77%         3
 Swiftness                Air            0%         N/A       77%         3
 Teleport Other           Tloc           0%         N/A       77%         3
 Vampiric Draining        Necr           0%         2d6       77%         3
 Vhi's Electric Charge    Tloc/Air       0%         N/A       77%         3
 Volatile Blastmotes      Fire/Tloc      0%         2d10      77%         3
 Airstrike                Air            0%         2d(0-16)  99%         4
 Anguish                  Hex/Necr       0%         N/A       99%         4
 Animate Armour           Summ/Erth      0%         N/A       99%         4
 Animate Dead             Necr           0%         N/A       99%         4
 Cause Fear               Hex            0%         N/A       99%         4
 Ice Form                 Ice/Tmut       0%         N/A       99%         4
 Leda's Liquefaction      Hex/Erth       0%         N/A       99%         4
 Passage of Golubria      Tloc           0%         N/A       99%         4
 Sticky Flame             Conj/Fire      0%         2d3       99%         4
 Summon Ice Beast         Ice/Summ       0%         N/A       99%         4
 Summon Lightning Spire   Summ/Air       0%         N/A       99%         4
 Agony                    Necr           0%         N/A       100%        5
 Alistair's Intoxication  Tmut/Pois      0%         N/A       100%        5
 Arcjolt                  Conj/Air       0%         1d10      100%        5
 Blade Hands              Tmut           0%         N/A       100%        5
 Freezing Cloud           Conj/Ice/Air   0%         6-21      100%        5
 Irradiate                Conj/Tmut      0%         3d11      100%        5
 Metabolic Englaciation   Hex/Ice        0%         N/A       100%        5
 Silence                  Hex/Air        0%         N/A       100%        5
 Summon Mana Viper        Hex/Summ       0%         N/A       100%        5
 Yara's Violent Unravell  Hex/Tmut       0%         3d3       100%        5
 Dispersal                Tloc           0%         N/A       100%        6
 Eringya's Noxious Bog    Tmut/Pois      0%         N/A       100%        6
 Plasma Beam              Fire/Air       0%         2x1d11    100%        6
 Simulacrum               Ice/Necr       0%         N/A       100%        6
 Dragon Form              Tmut           0%         N/A       100%        7
 Enfeeble                 Hex            0%         N/A       100%        7
 Haunt                    Necr/Summ      0%         N/A       100%        7
 Malign Gateway           Summ/Tloc      0%         N/A       100%        7
 Monstrous Menagerie      Summ           0%         N/A       100%        7
 Orb of Destruction       Conj           0%         9d5       100%        7
 Ozocubu's Refrigeration  Ice            0%         4d7       100%        7
 Spellforged Servitor     Conj/Summ      0%         N/A       100%        7
 Storm Form               Tmut/Air       0%         N/A       100%        7
 Borgnjor's Revivificati  Necr           0%         N/A       100%        8
 Discord                  Hex            0%         N/A       100%        8
 Infestation              Necr           0%         N/A       100%        8
 Lehudib's Crystal Spear  Conj/Erth      0%         10d2      100%        8
 Maxwell's Capacitive Co  Air            0%         ∞         100%        8
 Necromutation            Tmut/Necr      0%         N/A       100%        8
 Summon Horrible Things   Summ           0%         N/A       100%        8
 Death's Door             Necr           0%         N/A       100%        9
 Dragon's Call            Summ           0%         N/A       100%        9
 Polar Vortex             Ice            0%         N/A       100%        9


Dungeon Overview and Level Annotations

Branches:
Dungeon (15/15)            Temple (1/1) D:5            Lair (5/5) D:11
 Shoals (4/4) Lair:2        Snake (4/4) Lair:2        Slime (5/5) Lair:5
    Orc (2/2) D:10            Elf (3/3) Orc:2        Vaults (5/5) D:14
  Crypt (3/3) Vaults:2       Tomb (0/3) Crypt:3      Depths (4/4) D:15
   Hell (visited)             Dis (0/7) Hell            Geh (0/7) Hell
    Coc (7/7) Hell            Tar (0/7) Hell            Zot (5/5) Depths:4
  IceCv (visited)

Altars:
Ashenzari
Cheibriados
Dithmenos
Elyvilon
Fedhas
Gozag
Hepliaklqana
Kikubaaqudgha
Makhleb
Nemelex Xobeh
Okawaru
Qazlal
Ru
Sif Muna
Trog
Uskayaw
Vehumet
Wu Jian
Xom
Yredelemnul
Zin
The Shining One
Jiyva

Shops:
D:5 =   D:9 ?   D:12 *   D:14 *   Orc:2 ([?*   Elf:2 =[   Shoals:4 :
Snake:4 =   Depths:1 *

Portals:
Hell: Depths:1 Depths:2 Depths:3 Depths:4
Abyss: Depths:3 Depths:4
Pandemonium: Depths:1 Depths:2 Depths:4
Ziggurat: Depths:1

Annotations:
Elf:2 5 runed translucent doors
Elf:3 6 transporters
Zot:2 Upstairs in north are adjacent to
Zot:1 exit!, 2 runed translucent doors


Innate Abilities, Weirdness & Mutations

You are small and have problems with some larger weapons.
You are completely attuned to the shadows.
Potions are less effective at restoring your health.
You are missing a hand.
Your cowardice makes you less effective in combat with threatening foes.
You are somewhat unskilled. (-1 Apt)
You are missing an eye, making it more difficult to aim.
You have a pair of small antennae on your head.
You have very sharp teeth.
You are clumsy. (Dex -2)
Your body sometimes deteriorates upon taking damage.


Message History

Lightning courses through the vampire mosquito!
You destroy the vampire mosquito!
The giant cockroach misses you.
You barely miss the giant cockroach.
The giant cockroach completely misses you.
You hit the scorpion but do no damage. You impale the scorpion!!
Lightning courses through the scorpion!
You kill the scorpion!
The giant cockroach completely misses you.
You puncture the giant cockroach!
You kill the giant cockroach!
No target in view!
You close the door.
You puncture the butterfly!
You kill the butterfly!
l - 4 scrolls of blinking (gained 1)
You see here a scroll of identify.
You open the door.
There is an open translucent door here.
(D) Dungeon (T) Temple (L) Lair (A) Shoals (P) Snake Pit (M) Slime Pits (O) Orcish Mines (E) Elven Halls (V) Vaults (C) Crypt (W) Tomb (U) Depths (H) Hell (I) Dis (G) Gehenna (X) Cocytus (Y) Tartarus (Z) Zot
Where to? (Enter - D:1 @ (x,y), ? - help)
There is a shaft here.
There is an open door here.
There is a stone staircase leading up here.
You climb upwards.
There is a stone staircase leading down here.
There is a stone staircase leading up here.
You climb upwards.
There is a stone staircase leading down here.
There is a stone staircase leading up here.
You climb upwards.
There is a stone staircase leading down here.
There is an escape hatch in the ceiling here.
A mysterious force pulls you upwards. The hatch slams shut behind you.
There is a staircase leading out of the dungeon here.
You have escaped!

....†.#..###♣###.###♣###.#..#####
.....####.###♣##.##♣###.###.##...
.....#♣###.##♣##.##♣##.###♣..+...
.......♣###.##♣#.#♣##.###♣###§...
###..#.#♣###.#♣#.#♣#.###♣###§§...
.....#.##♣♣##.##.##.##♣♣####§_.#.
.....#.####♣♣#.♣.♣.#♣♣#### #§§.#.
.....#.#######♣.♣.♣####### ##.§..
..#.##.♣.......♣@♣.......♣ #####
..........####♣.♣.♣#######
#.#..######♣♣#.♣.♣.#♣♣####
#.#..####♣♣##.##.##.##♣♣###
.....###♣###.#♣#.#♣#.###♣##
#.#...#♣###.##♣#.#♣##.###♣#
......♣###.##♣##.##♣##.###♣######
.##.#..##.###♣##.##♣###.###......
.##.#....###♣###.###♣###..#......


There were no monsters in sight!

Vanquished Creatures
  Cerebov (Pan)
  Antaeus (Coc:7)
  the Royal Jelly (Slime:5)
  Gloorx Vloq (Pan)
  A seraph (Pan)
  Mnoleg (Pan)
  Lom Lobon (Pan)
  3 ancient liches
  3 dread liches
  A pandemonium lord (Pan)
  Mara (Snake:4)
  A juggernaut (Depths:4)
  9 shard shrikes
  Boris (Depths:3)
  Sojobo (Depths:2)
  Parghit (Zot:2)
  Vv (Depths:3)
  Bai Suzhen (Depths:2)
  Saint Roka (Orc:2)
  15 golden dragons
  Xtahua (Depths:3)
  Geryon (Hell)
  A caustic shrike (Depths:2)
  2 pearl dragons (Pan)
  Nikola (Snake:4)
  3 Tzitzimimeh
  A bone dragon (Abyss:3)
  Jorgrun (D:12)
  A Brimstone Fiend (Pan)
  3 electric golems
  13 tentacled monstrosities
  9 liches
  Asterion (Depths:2)
  A shard shrike skeleton (Crypt:2)
  14 Ice Fiends
  A deep elf master archer (Elf:3)
  A deep elf blademaster (Elf:3)
  16 Orb Guardians (Zot:5)
  5 quicksilver dragons
  9 acid blobs (Slime:5)
  21 Executioners (Pan)
  21 titans
  Polyphemus (Shoals:2)
  2 tentacled starspawn (Abyss:3)
  Agnes (D:15)
  Frances (D:14)
  4 ancient champions
  7 shadow dragons
  4 sphinxes
  25 storm dragons
  5 death cobs
  Donald (Shoals:3)
  Kirke (D:14)
  10 tengu reavers
  7 draconian monks
  4 nagarajas (Snake:4)
  6 daevas
  A revenant (Crypt:3)
  5 rockslimes (Slime:5)
  6 draconian knights
  4 demonspawn warmongers (Pan)
  26 narguns
  Ilsuiw (Shoals:3)
  21 azure jellies
  7 deep elf sorcerers (Elf:3)
  5 fire giants
  2 draconian scorchers
  21 vault wardens
  16 angels (Pan)
  15 balrugs
  2 juggernaut zombies (Crypt:2)
  Aizul (Snake:4)
  2 draconian shifters
  3 iron dragons
  20 frost giants
  6 cacodemons (Pan)
  7 ghouls (Crypt:2)
  A ghost moth (Zot:4)
  The ghost of Grendle the Cruncher, a journeyman GnWn of Okawaru (Snake:1)
  2 curse skulls
  14 shard shrike simulacra
  7 deep elf elementalists (Elf:3)
  9 quicksilver oozes
  A spriggan defender (Depths:3)
  2 orc warlords
  4 war gargoyles
  7 draconian stormcallers
  16 stone giants
  7 reapers
  10 draconian annihilators
  2 demonspawn corrupters (Pan)
  29 very ugly things
  A caustic shrike skeleton (Pan)
  21 ironbound preservers
  3 demonspawn blood saints (Pan)
  23 vampire knights
  12 ophanim (Pan)
  24 green draconians
  4 ironbound thunderhulks
  20 elemental wellsprings
  12 deep elf demonologists
  22 apis (Pan)
  3 demonspawn black suns (Pan)
  7 yellow draconians
  12 red draconians
  7 spark wasps
  15 black draconians
  A putrid mouth (Hell)
  7 dire elephants
  13 white draconians
  7 lorocyprocas
  12 deep elf annihilators
  12 purple draconians
  18 wendigos
  16 blizzard demons
  Snorg (Orc:2)
  8 merfolk impalers
  13 deep elf death magi
  The ghost of jujuben the Severer, a journeyman HOFi of Wu Jian (Lair:2)
  4 eidola
  A mummy priest (Crypt:3)
  6 merfolk javelineers
  3 crystal guardians
  13 ettins
  3 iron golems (Hell)
  17 green deaths
  Josephine (Orc:1)
  12 jiangshi
  12 deep elf high priests
  2 entropy weavers
  4 fire dragons
  7 great orbs of eyes
  3 salamander tyrants
  12 yaktaur captains
  5 rakshasas
  9 ice dragons
  Harold (Orc:1)
  A hydra (shapeshifter) (D:14)
  7 hydras
  32 vault guards
  10 caustic shrike simulacra
  4 hell beasts
  3 catoblepae
  4 peacekeepers
  A spriggan skeleton (Pan)
  10 anacondas
  2 spriggan air magi
  An alligator (shapeshifter) (Depths:3)
  4 death knights
  4 satyrs
  2 alligator snapping turtles (Shoals:4)
  3 boulder beetles
  12 centaur warriors
  10 juggernaut simulacra
  3 ogre magi
  The ghost of porpoise the Skirmisher, a journeyman BaHu of Hepliaklqana (Lair:2)
  2 merfolk avatars
  14 naga warriors
  20 dancing weapons
  7 ironbound frosthearts
  8 two-headed ogres
  A merfolk aquamancer (Shoals:4)
  9 deep troll shamans
  12 vampire magi
  6 deep troll earth magi
  5 hell hogs
  5 tengu warriors
  A titan zombie (Crypt:3)
  15 death yaks
  6 orc high priests
  A storm dragon zombie (Crypt:3)
  3 thrashing horrors (Abyss:3)
  2 spriggan berserkers
  3 spriggans (Depths:4)
  An emperor scorpion zombie (Crypt:3)
  10 naga sharpshooters
  5 shock serpents
  21 hell knights
  26 sun demons
  13 deep elf knights
  25 soul eaters
  3 wretched stars (Abyss:3)
  9 shadow wraiths
  A crystal echidna (Hell)
  10 iron trolls
  10 sixfirhies
  56 skeletal warriors
  4 skysharks
  5 salamander mystics
  A golden dragon zombie (Crypt:3)
  4 quicksilver dragon simulacra
  A spark wasp zombie (Crypt:1)
  2 bunyip zombies (Crypt:3)
  7 flayed ghosts
  3 death drakes
  A glowing orange brain (shapeshifter) (Depths:3)
  3 swamp dragons (Zot:4)
  60 deep trolls
  2 bog bodies
  An elf simulacrum (Coc:2)
  10 sea snakes
  8 glowing orange brains
  6 shadow demons (Pan)
  An obsidian statue (IceCv)
  11 deep elf archers
  2 naga ritualists (Snake:3)
  34 phantasmal warriors
  9 cherubim (Pan)
  13 spriggan simulacra
  18 ironbound convokers
  9 wizards
  8 orc knights
  2 lindwurms
  10 harpies
  A fenstrider witch simulacrum (Coc:2)
  An iron dragon zombie (Crypt:3)
  46 ugly things
  4 starcursed masses (Abyss:3)
  28 deep elf pyromancers
  7 necromancers
  An oklob plant (Lair:2)
  19 deep elf zephyrmancers
  8 cyclopes
  A wolf spider zombie (D:15)
  2 shining eyes
  7 mana vipers
  11 manticores
  16 salamanders
  A sphinx skeleton (Crypt:1)
  8 orc sorcerers
  3 worldbinders (Abyss:3)
  11 fauns
  5 draconians (Abyss:3)
  9 merfolk sirens
  9 elephants
  16 moths of wrath
  3 ice statues (Coc:7)
  2 guardian serpents (Snake:4)
  2 naga zombies (Crypt:3)
  2 rust devils
  5 water nymphs
  13 vault sentinels
  An iron dragon skeleton (Pan)
  10 naga magi
  5 demonic crawlers (Pan)
  26 black mambas
  A black mamba (shapeshifter) (D:14)
  A dire elephant zombie (Abyss:3)
  5 titan simulacra
  32 smoke demons
  7 cane toads
  7 molten gargoyles
  A torpor snail (shapeshifter) (Depths:4)
  3 storm dragon simulacra
  3 eyes of devastation
  2 centaur skeletons (D:15)
  9 orange demons
  An alligator snapping turtle zombie (Crypt:3)
  A dire elephant skeleton (Crypt:1)
  A rime drake (Lair:4)
  7 komodo dragons
  Maggie (D:7)
  6 efreet
  A naga skeleton (Pan)
  21 freezing wraiths
  A tengu conjurer (Depths:1)
  An alligator snapping turtle skeleton (Crypt:1)
  3 hellions
  8 unseen horrors
  A redback zombie (Crypt:2)
  A golden dragon simulacrum (IceCv)
  4 tormentors
  A sea snake skeleton (Crypt:3)
  3 bunyip simulacra
  39 yaktaurs
  2 red devils
  7 guardian mummies
  2 harpy zombies
  10 trolls
  A meliai (shapeshifter) (Elf:2)
  8 ice devils
  12 polar bears
  11 anaconda simulacra
  3 meliai (D:15)
  33 merfolk
  A shadow dragon simulacrum (Hell)
  16 hellwings (Pan)
  3 ancient zymes (Abyss:3)
  8 raiju
  A boulder beetle zombie (Crypt:3)
  A harpy skeleton (D:15)
  15 blink frogs
  22 dream sheep
  3 hornets (Depths:4)
  3 stone giant simulacra
  7 iron dragon simulacra
  10 wind drakes
  9 snapping turtles
  An ice dragon zombie (Crypt:3)
  50 slime creatures
  7 flying skulls
  A shadow (D:12)
  2 ettin skeletons
  2 centaur simulacra
  22 water elementals
  3 wyverns
  29 yaks
  A vampire (D:9)
  A wind drake zombie (Crypt:1)
  3 air elementals
  11 ynoxinuls
  12 dire elephant simulacra
  14 wraiths
  5 hogs (D:14)
  5 golden eyes
  A golden eye (shapeshifter) (Elf:3)
  3 basilisks
  9 chaos spawn
  3 redbacks (Vaults:3)
  3 fire elementals
  4 vampire mosquitoes
  8 neqoxecs
  11 minotaur simulacra
  31 nagas
  9 wargs
  3 acid dragons
  17 harpy simulacra
  21 large abominations
  11 water moccasins
  15 hell hounds (Lair:5)
  2 floating eyes (Depths:4)
  A sky beast (D:8)
  A swamp drake (shapeshifter) (Vaults:5)
  7 ettin simulacra
  11 black bears (Lair:5)
  A snapping turtle zombie (Crypt:3)
  6 hydra simulacra
  2 ice beasts (D:7)
  30 orc warriors
  A dream sheep zombie (Crypt:3)
  5 boggarts
  8 ogres
  5 alligator simulacra (IceCv)
  2 blink frog zombies
  25 wolves
  8 centaurs
  A phantom (D:5)
  2 kobold brigands
  11 bullfrogs
  3 necrophages (Crypt:2)
  A gnoll sergeant (D:11)
  9 scorpions
  12 deep troll simulacra
  2 earth elementals
  A water moccasin zombie (Crypt:3)
  16 wights
  5 spriggan zombies
  3 lindwurm simulacra
  5 killer bees
  An electric eel (D:14)
  A raiju skeleton (Crypt:2)
  2 howler monkeys
  A crimson imp (Pan)
  6 small abominations (Abyss:3)
  A centaur zombie (Crypt:3)
  3 human zombies (Crypt:1)
  21 orc priests
  5 jellies
  2 gnoll boudas
  4 hounds
  A bullfrog skeleton (Crypt:1)
  An iron imp (Abyss:3)
  2 sleepcaps (D:8)
  2 human skeletons (Crypt:1)
  2 iguanas
  23 orc wizards
  13 hell rats
  A scorpion zombie (Crypt:2)
  A boggart skeleton (Crypt:1)
  An ice beast zombie (Crypt:1)
  4 mummies (Crypt:1)
  10 gnolls
  7 adders
  15 river rats (Lair:3)
  6 white imps
  An ufetubus (Abyss:3)
  6 worms
  A dart slug (D:2)
  53 orcs
  6 endoplasms
  8 giant cockroaches
  7 goblins
  10 hobgoblins
  7 jackals
  10 quokkas
  5 ball pythons
  A ball python skeleton (Crypt:2)
  6 bats
  3 frilled lizards
  24 kobolds
  21 rats
  3 butterflies (D:5)
3059 creatures vanquished.

Vanquished Creatures (collateral kills)
  Vashnia (Snake:2)
  A draconian stormcaller (Zot:5)
  An elemental wellspring (Coc:2)
  A wendigo (Coc:2)
  2 vault guards (Vaults:5)
  5 naga sharpshooters (Snake:2)
  An orange demon (Pan)
  2 red devils (Pan)
  A stone giant simulacrum (Coc:2)
15 creatures vanquished.

Vanquished Creatures (others)
  A shard shrike (Coc:4)
  A lich (Depths:3)
  A tentacled starspawn (Abyss:3)
  An azure jelly (Coc:7)
  A quicksilver ooze (shapeshifter) (Vaults:5)
  A demonspawn corrupter (Pan)
  A demonspawn blood saint (Pan)
  A green draconian (Zot:4)
  An elemental wellspring (Coc:4)
  A demonspawn black sun (Pan)
  A blizzard demon (Pan)
  A jiangshi (Crypt:1)
  A hell beast (Pan)
  A spriggan air mage (Pan)
  A hydra (D:15)
  A catoblepas (Lair:5)
  A sea snake (Shoals:4)
  A glowing orange brain (Pan)
  A spriggan simulacrum (Coc:7)
  A harpy (Vaults:2)
  2 ugly things
  A faun (Shoals:3)
  A vault sentinel (Vaults:2)
  An iron giant simulacrum (Coc:5)
  An anaconda simulacrum (Coc:4)
  A merfolk (Shoals:3)
  A wind drake (Pan)
  A dream sheep (Shoals:4)
  A large abomination (Abyss:3)
  2 blink frogs
  A snapping turtle (Shoals:1)
  A water elemental (D:14)
  A dire elephant simulacrum (Coc:4)
  A wraith (Crypt:2)
  A chaos spawn (Pan)
  2 harpy simulacra
  2 nagas (Snake:4)
  A warg (Lair:5)
  An orc warrior (Orc:2)
  A deep troll skeleton (Crypt:2)
  A wolf (Lair:5)
  An orc priest (Orc:2)
  An orc wizard (D:8)
  A gnoll (D:11)
  2 river rats (Lair:3)
  3 orcs
  6 starspawn tentacles (Abyss:3)
59 creatures vanquished.

Grand Total: 3133 creatures vanquished

Notes
Turn   | Place    | Note
-------+----------+-------------------------------------------
     0 | D:1      | Nonny the Kobold Gladiator began the quest for the Orb.
     0 | D:1      | Reached XP level 1. HP: 12/12 MP: 1/1
    35 | D:1      | Starting vault consists of dead trees and translucent
                  | walls.
   226 | D:1      | Reached XP level 2. HP: 17/17 MP: 2/2
   316 | D:1      | Reached skill level 1 in Stealth
   771 | D:1      | Found a faded altar of an unknown god.
   816 | D:2      | Reached XP level 3. HP: 21/21 MP: 3/3
  1328 | D:3      | +1 ring mail of willpower in the north
  1388 | D:3      | Reached XP level 4. HP: 26/26 MP: 4/4
  1590 | D:3      | Reached skill level 5 in Short Blades
  1729 | D:3      | Found a shimmering blue altar of Sif Muna.
  1740 | D:3      | Got Sif Muna's Commentary on Conduction
  1752 | D:3      | Found a bloodstained altar of Trog.
  2297 | D:4      | Reached XP level 5. HP: 30/30 MP: 5/5
  2305 | D:4      | Noticed a +0 short sword
  2306 | D:4      | Noticed a +0 falchion
  2306 | D:4      | Noticed a +0 dagger
  2306 | D:4      | Noticed a +0 falchion
  2315 | D:4      | Found a hide-covered altar of Uskayaw.
  2317 | D:4      | Noticed a +0 short sword
  2319 | D:4      | Noticed a +0 spear
  2320 | D:4      | Noticed a +0 dagger
  2340 | D:4      | Noticed a +0 spear
  2376 | D:4      | Found a basalt altar of Yredelemnul.
  2412 | D:4      | Reached skill level 5 in Stealth
  2665 | D:4      | Found a burning altar of Makhleb.
  2722 | D:4      | Reached XP level 6. HP: 35/35 MP: 6/6
  2966 | D:5      | Entered Level 5 of the Dungeon
  3195 | D:5      | Found a staircase to the Ecumenical Temple.
  3203 | D:5      | Temple in east
  3204 | Temple   | Entered the Ecumenical Temple
  3218 | Temple   | Became a worshipper of Ru the Awakened
  3518 | D:2      | Reached XP level 7. HP: 40/40 MP: 7/7
  4055 | D:1      | D:2 uphatch is viable as much as the other stairs for
                  | orbrun.
  4131 | D:5      | Found a runed translucent door.
  4133 | D:5      | Noticed a vampire mosquito
  4135 | D:5      | Bugs vault in center of floor.
  4156 | D:5      | Found a runed translucent door.
  4157 | D:5      | Noticed a vampire mosquito
  4204 | D:5      | Found Elisa's Jewellery Emporium.
  4882 | D:6      | Gained mutation: You are somewhat unskilled. (-1 Apt) [Ru
                  | sacrifice]
  4882 | D:6      | Reduced skill Stealth to level 5
  4882 | D:6      | Reached * piety under Ru
  5048 | D:6      | 'H' deep water vault
  5159 | D:6      | Identified the staff of fire "Mihoecs" {+Blink rF+ Int+6}
  5249 | D:6      | Reached XP level 8. HP: 36/45 MP: 5/8
  5487 | D:6      | Found a snail-covered altar of Cheibriados.
  5657 | D:6      | Found a broken altar of Ashenzari.
  5660 | D:6      | Found a radiant altar of Vehumet.
  5711 | D:6      | HP: 1/61 [wight/+0 great sword (3)]
  5714 | D:6      | Reached skill level 5 in Dodging
  6324 | D:7      | Reached skill level 10 in Short Blades
  6324 | D:7      | Reached XP level 9. HP: 50/52 MP: 9/9
  6562 | D:7      | Noticed Maggie
  6566 | D:7      | Killed Maggie
  6567 | D:7      | Reached skill level 5 in Fighting
  7102 | D:8      | Reached skill level 1 in Evocations
  7250 | D:8      | Noticed a two-headed ogre
  7387 | D:8      | Killed a two-headed ogre
  7388 | D:8      | Reached XP level 10. HP: 61/61 MP: 10/10
  7556 | D:8      | HP: 3/61 [orc wizard/puff of flame (12)]
  8099 | D:8      | Gained mutation: Potions are less effective at restoring
                  | your health. [Ru sacrifice]
  8099 | D:8      | Reached ** piety under Ru
  8657 | D:8      | Reached XP level 11. HP: 53/68 MP: 6/11
  8992 | D:9      | Found Muddet's Magic Scroll Boutique.
  8997 | D:9      | Bought a scroll of teleportation for 39 gold pieces
  8997 | D:9      | Bought a scroll of blinking for 97 gold pieces
  9319 | D:9      | +2 buckler in west
  9671 | D:9      | +2 cloak in southeast
  9933 | D:9      | Bought a scroll of identify for 26 gold pieces
  9933 | D:9      | Bought 2 scrolls of identify for 52 gold pieces
  9946 | D:10     | Entered Level 10 of the Dungeon
  9968 | D:10     | Found a glowing golden altar of the Shining One.
 10009 | D:10     | Reached skill level 5 in Throwing
 10039 | D:10     | Reached skill level 1 in Armour
 10336 | D:10     | Found a staircase to the Orcish Mines.
 10499 | D:10     | +1 cloak of preservation rCorr in northwest
 10567 | D:10     | Gained mutation: You are missing a hand. [Ru sacrifice]
 10567 | D:10     | Reached *** piety under Ru
 10567 | D:10     | Reached **** piety under Ru
 10674 | D:10     | Identified the +8 flail "Bacotena" {heavy, rElec Stlth+}
 10765 | D:10     | Found an opulent altar of Gozag.
 11077 | D:10     | Reached skill level 10 in Fighting
 11507 | Orc:1    | Entered Level 1 of the Orcish Mines
 11516 | Orc:1    | Noticed an orc sorcerer
 11621 | D:10     | Killed an orc sorcerer
 11809 | Orc:1    | Noticed Josephine
 11858 | Orc:1    | Killed Josephine
 11859 | Orc:1    | Reached XP level 12. HP: 52/80 MP: 7/12
 11967 | Orc:1    | Noticed a two-headed ogre
 11975 | Orc:1    | Killed a two-headed ogre
 12052 | Orc:1    | Noticed Harold
 12103 | Orc:1    | Killed Harold
 12104 | Orc:1    | Reached skill level 5 in Evocations
 12396 | D:5      | Bought the amulet "Gaanetze" {Regen+ Str+4 Int+3 Dex+3} for
                  | 638 gold pieces
 12561 | Orc:2    | Entered Level 2 of the Orcish Mines
 12571 | Orc:2    | Noticed Snorg
 12585 | Orc:2    | Killed Snorg
 13472 | Orc:2    | Noticed an orc high priest
 13644 | Orc:2    | Noticed Saint Roka
 13991 | Orc:2    | Gained mutation: You are missing an eye, making it more
                  | difficult to aim. [Ru sacrifice]
 13991 | Orc:2    | Reached ***** piety under Ru
 14002 | Orc:2    | Noticed an orc high priest
 14018 | Orc:2    | Killed an orc high priest
 14021 | Orc:2    | Noticed an orc high priest
 14034 | Orc:2    | Killed an orc high priest
 14035 | Orc:2    | Reached skill level 10 in Dodging
 14042 | Orc:2    | Noticed an orc high priest
 14148 | Orc:2    | Killed an orc high priest
 14231 | Orc:2    | Reached XP level 13. HP: 76/82 MP: 5/13
 14525 | Orc:2    | Found Zust's Assorted Antiques.
 14525 | Orc:2    | Found Aprenerph's Antique Weapon Shop.
 14526 | Orc:2    | Found Jopew's Magic Scroll Shop.
 14526 | Orc:2    | Found Ceiv's Antique Armour Boutique.
 14537 | Orc:2    | Bought a pair of embroidered gloves for 195 gold pieces
 14546 | Orc:2    | Bought a dazzling ring mail for 234 gold pieces
 14546 | Orc:2    | Identified the +1 ring mail of Eheats {Str+4 SInv} (You
                  | bought it in a shop on level 2 of the Orcish Mines)
 14773 | Orc:2    | Killed Saint Roka
 14898 | Orc:2    | Found a staircase to the Elven Halls.
 15292 | D:11     | Found a staircase to the Lair.
 16118 | Lair:1   | Entered Level 1 of the Lair of Beasts
 16571 | Lair:1   | Gained mutation: Your cowardice makes you less effective in
                  | combat with threatening foes. [Ru sacrifice]
 16571 | Lair:1   | Reached ****** piety under Ru
 17075 | Lair:2   | Found a staircase to the Snake Pit.
 17416 | Lair:2   | Identified the +2 cloak "Seikiess" {Will+ Int+2}
 17416 | Lair:2   | Noticed a seven-headed hydra
 17450 | Lair:2   | Killed a seven-headed hydra
 17455 | Lair:2   | Reached XP level 14. HP: 86/88 MP: 5/14
 17710 | Lair:2   | Reached skill level 10 in Stealth
 18344 | Lair:2   | Found a runed translucent gate.
 18344 | Lair:2   | Found a runed translucent gate.
 18344 | Lair:2   | Found a runed translucent gate.
 18345 | Lair:2   | Noticed jujuben's ghost (journeyman HOFi)
 18345 | Lair:2   | Noticed porpoise's ghost (journeyman BaHu)
 18591 | Lair:2   | Found a staircase to the Shoals.
 18902 | Lair:2   | Killed jujuben's ghost
 18962 | Lair:2   | Killed porpoise's ghost
 19172 | Lair:3   | You are sucked into a shaft and drop 2 floors!
 19172 | Lair:5   | Entered Level 5 of the Lair of Beasts
 21091 | Lair:3   | RAT VAULT IN SOUTHEAST
 22029 | Lair:5   | Found a staircase to the Slime Pits.
 22030 | Lair:5   | Found a viscous altar of Jiyva.
 22246 | Lair:5   | Reached XP level 15. HP: 75/88 MP: 15/15
 22489 | Lair:5   | Reached skill level 15 in Stealth
 22694 | Lair:5   | Reached skill level 10 in Throwing
 23531 | Lair:5   | Identified the ring of Isuugg {rPois rF- Will+++ Str+3
                  | Int+6}
 23965 | Snake:1  | Entered Level 1 of the Snake Pit
 23987 | Snake:2  | Found an opulent altar of Gozag.
 24195 | Snake:2  | Reached skill level 15 in Fighting
 24249 | Snake:2  | Noticed Vashnia
 24597 | Snake:1  | Identified the ring of Greed {Fire rElec rPois Int+6 Dex+3}
 25421 | Snake:1  | Found a runed translucent door.
 25422 | Snake:1  | Noticed Grendle's ghost (journeyman GnWn)
 26073 | Snake:3  | Reached XP level 16. HP: 54/105 MP: 9/16
 26994 | Snake:4  | Entered Level 4 of the Snake Pit
 26998 | Snake:4  | Noticed Aizul
 27000 | Snake:4  | Killed Aizul
 27180 | Snake:4  | Noticed Mara
 27189 | Snake:4  | Noticed Nonny's illusion
 27192 | Snake:4  | Killed Mara
 27283 | Snake:4  | Found a shimmering altar of Xom.
 27524 | Snake:4  | Found Velu's One-of-a-Kind Rings.
 27603 | Snake:4  | Noticed a nagaraja
 27607 | Snake:4  | Killed a nagaraja
 28103 | Snake:4  | Reached skill level 15 in Short Blades
 28160 | Snake:4  | Noticed a nagaraja
 28162 | Snake:4  | Killed a nagaraja
 28163 | Snake:4  | Reached XP level 17. HP: 100/108 MP: 8/17
 28344 | Snake:4  | Reached skill level 15 in Dodging
 28447 | Snake:4  | Got a serpentine rune of Zot
 28640 | Snake:4  | Noticed Nikola
 28645 | Snake:4  | Killed Nikola
 28652 | Snake:4  | Nikola is in the southeast.
 29052 | Snake:2  | Identified the +0 pair of boots of Eternal Vigilance {rC+
                  | Str-3 Int+3}
 29067 | Snake:2  | randart boots in northwest
 29133 | Snake:2  | Killed Vashnia
 29441 | Snake:1  | Killed Grendle's ghost
 29444 | Snake:1  | Identified the +0 leather armour of the Shining One's Hope
                  | {Regen+ Dex+2}
 29524 | Shoals:1 | Entered Level 1 of the Shoals
 29569 | Shoals:1 | Found a frozen archway.
 29570 | Shoals:1 | Ice Cave just to the right!
 29633 | IceCv    | Entered an ice cave
 30602 | IceCv    | Ice cave contains lots of simulacrum, ice devils, and even
                  | blizzard demons
 30618 | IceCv    | phial of floods :)
 30942 | Shoals:1 | Identified the +9 mace of Toothy Offence {heavy, *Rage rN+
                  | Str+2}
 31578 | Shoals:1 | Reached XP level 18. HP: 117/117 MP: 16/18
 32248 | Orc:2    | Bought a jewelled ring mail for 234 gold pieces
 32248 | Orc:2    | Identified the +2 ring mail of Keawotof {Str-3 Dex+4} (You
                  | bought it in a shop on level 2 of the Orcish Mines)
 32444 | D:12     | Found a snail-covered altar of Cheibriados.
 32490 | D:12     | Found a flickering gateway to a bazaar.
 32491 | D:12     | Bazaar in south
 32496 | Bazaar   | Entered a bazaar
 32531 | Bazaar   | Found Quinnuogh's Antique Weapon Emporium.
 32579 | Bazaar   | Found Iggeege's Assorted Antiques.
 32584 | Bazaar   | Bought a brightly glowing short sword for 256 gold pieces
 32584 | Bazaar   | Identified the +8 short sword "Xausi" {flame, Fragile rC+++
                  | Str-3 Int+3} (You bought it in a shop in a bazaar)
 32656 | Bazaar   | Found Vulam's Magic Scroll Shoppe.
 32662 | Bazaar   | Bought a scroll of enchant weapon for 82 gold pieces
 32662 | Bazaar   | Bought a scroll of summoning for 104 gold pieces
 32691 | Bazaar   | Found Zoucza's Antique Weapon Emporium.
 32713 | Bazaar   | Found Laleim's Book Shoppe.
 32763 | Bazaar   | Bought a wand of roots (5) for 384 gold pieces
 32803 | Bazaar   | Bought a scroll of fog for 44 gold pieces
 33272 | D:12     | Found Zecwiteu's Specific Store.
 33273 | D:12     | Found Xisius's General Store.
 33293 | D:12     | Bought a wand of paralysis (1) for 31 gold pieces
 33881 | D:12     | Noticed Jorgrun
 33885 | D:12     | Killed Jorgrun
 34712 | D:13     | Found the +5 robe of Night {Dark Will+ SInv}
 34996 | D:14     | Found an opulent altar of Gozag.
 34996 | D:14     | Found Gozag's Platinum Reserve.
 35014 | D:14     | Noticed Kirke
 35097 | D:14     | Killed Kirke
 35100 | D:14     | 3 potions of experience on D:14!!!
 35101 | D:14     | Reached XP level 19. HP: 128/128 MP: 10/19
 35102 | D:14     | Reached XP level 20. HP: 135/135 MP: 11/20
 35103 | D:14     | Reached XP level 21. HP: 140/140 MP: 11/21
 35436 | D:14     | Found a gate to the Vaults.
 35606 | D:14     | Noticed Frances
 35608 | D:14     | Killed Frances
 36250 | D:15     | Entered Level 15 of the Dungeon
 36385 | D:15     | Noticed Agnes
 36388 | D:15     | Killed Agnes
 36431 | D:15     | Identified the +4 quarterstaff of Purpose {vamp, Will++
                  | Int+2 SInv}
 36704 | D:15     | Gained mutation: You are frail. (-10% HP) [a neqoxec]
 36720 | D:15     | Lost mutation: You are frail. (-10% HP) [potion of
                  | mutation]
 36720 | D:15     | Gained mutation: You are dopey. (Int -2) [potion of
                  | mutation]
 36720 | D:15     | Gained mutation: You are robust. (+10% HP) [potion of
                  | mutation]
 36720 | D:15     | Lost mutation: You are dopey. (Int -2) [potion of mutation]
 36721 | D:15     | Lost mutation: You are robust. (+10% HP) [potion of
                  | mutation]
 36721 | D:15     | Gained mutation: Your muscles are strong. (Str +4, Int/Dex
                  | -1) [potion of mutation]
 36721 | D:15     | Gained mutation: You sometimes lose your temper in combat.
                  | [potion of mutation]
 36721 | D:15     | Gained mutation: Your spells are a little harder to cast,
                  | but a little more powerful. [potion of mutation]
 36722 | D:15     | Lost mutation: Your spells are a little harder to cast, but
                  | a little more powerful. [potion of mutation]
 36722 | D:15     | Lost mutation: Your muscles are strong. (Str +4, Int/Dex
                  | -1) [potion of mutation]
 36722 | D:15     | Gained mutation: Your body sometimes deteriorates upon
                  | taking damage. [potion of mutation]
 36722 | D:15     | Gained mutation: You have a pair of small horns on your
                  | head. [potion of mutation]
 36723 | D:15     | Lost mutation: You sometimes lose your temper in combat.
                  | [potion of mutation]
 36723 | D:15     | Lost mutation: Your body sometimes deteriorates upon taking
                  | damage. [potion of mutation]
 36723 | D:15     | Gained mutation: You are vulnerable to cold. (rC-) [potion
                  | of mutation]
 36724 | D:15     | Lost mutation: You have a pair of small horns on your head.
                  | [potion of mutation]
 36724 | D:15     | Lost mutation: You are vulnerable to cold. (rC-) [potion of
                  | mutation]
 36724 | D:15     | Gained mutation: You are dopey. (Int -2) [potion of
                  | mutation]
 36724 | D:15     | Gained mutation: Armour fits poorly on your strangely
                  | shaped body. [potion of mutation]
 36724 | D:15     | Gained mutation: You are vulnerable to cold. (rC-) [potion
                  | of mutation]
 36725 | D:15     | Lost mutation: Armour fits poorly on your strangely shaped
                  | body. [potion of mutation]
 36725 | D:15     | Lost mutation: You are dopey. (Int -2) [potion of mutation]
 36725 | D:15     | Gained mutation: You have large cloven feet. [potion of
                  | mutation]
 36725 | D:15     | Gained mutation: You have a pair of small horns on your
                  | head. [potion of mutation]
 36725 | D:15     | Gained mutation: You have hidden genetic potential. [potion
                  | of mutation]
 36726 | D:15     | Lost mutation: You have hidden genetic potential. [potion
                  | of mutation]
 36726 | D:15     | Lost mutation: You are vulnerable to cold. (rC-) [potion of
                  | mutation]
 36726 | D:15     | Lost mutation: You have a pair of small horns on your head.
                  | [potion of mutation]
 36726 | D:15     | Gained mutation: Your movements are slightly less
                  | encumbered by armour. (ER -2) [potion of mutation]
 36726 | D:15     | Gained mutation: Your flesh is cold resistant. (rC+)
                  | [potion of mutation]
 36726 | D:15     | Gained mutation: You are weak. (Str -2) [potion of
                  | mutation]
 36726 | D:15     | Gained mutation: You have a pair of small horns on your
                  | head. [potion of mutation]
 36727 | D:15     | Lost mutation: You are weak. (Str -2) [potion of mutation]
 36727 | D:15     | Lost mutation: You have a pair of small horns on your head.
                  | [potion of mutation]
 36727 | D:15     | Lost mutation: Your flesh is cold resistant. (rC+) [potion
                  | of mutation]
 36727 | D:15     | Gained mutation: Your spells are a little easier to cast,
                  | but a little less powerful. [potion of mutation]
 36727 | D:15     | Lost mutation: Your movements are slightly less encumbered
                  | by armour. (ER -2) [potion of mutation]
 36727 | D:15     | Gained mutation: You have a pair of small horns on your
                  | head. [potion of mutation]
 36728 | D:15     | Lost mutation: Your spells are a little easier to cast, but
                  | a little less powerful. [potion of mutation]
 36728 | D:15     | Lost mutation: You have a pair of small horns on your head.
                  | [potion of mutation]
 36728 | D:15     | Lost mutation: You have large cloven feet. [potion of
                  | mutation]
 36728 | D:15     | Gained mutation: You are strong-willed. (Will+) [potion of
                  | mutation]
 36728 | D:15     | Gained mutation: A frigid envelope surrounds you and
                  | freezes all who hurt you. [potion of mutation]
 36728 | D:15     | Gained mutation: You are weak. (Str -2) [potion of
                  | mutation]
 36728 | D:15     | Gained mutation: You are partially covered in large bone
                  | plates. (SH +4) [potion of mutation]
 36729 | D:15     | OH WAIT I'M STUPID
 36798 | D:15     | Found a staircase to the Depths.
 37641 | D:15     | Reached skill level 10 in Evocations
 37864 | D:15     | Identified the staff of air "Guarait" {rElec rC+ Int+5}
 38098 | Vaults:1 | Entered Level 1 of the Vaults
 38802 | Vaults:1 | Reached XP level 22. HP: 52/136 MP: 9/22
 39021 | Vaults:1 | Found the +27 heavy crossbow "Sniper" {heavy, Acc+∞ SInv}
 40252 | Vaults:2 | Found a staircase to the Crypt.
 42990 | Vaults:3 | Reached XP level 23. HP: 123/144 MP: 0/23
 43154 | Vaults:3 | Got the Guide on White Gases
 45524 | Vaults:5 | Entered Level 5 of the Vaults
 47494 | Vaults:4 | Found a runed translucent door.
 47712 | Vaults:4 | Identified a scroll of acquirement
 47728 | Vaults:4 | Acquired the scarf of Afejigg {shadows, -Cast rPois rF+
                  | rC++}
 48333 | Vaults:4 | Identified the +1 ring mail of Fedhas's Envy {rCorr Int+5
                  | Stlth-}
 48671 | Elf:1    | Entered Level 1 of the Elven Halls
 48706 | Elf:1    | Found a radiant altar of Vehumet.
 49143 | Elf:1    | Reached XP level 24. HP: 166/166 MP: 11/23
 50577 | Elf:2    | Found Kysm's Jewellery Emporium.
 50637 | Elf:2    | Found Tynohaib's Antique Armour Shoppe.
 50933 | Elf:1    | Found a shimmering blue altar of Sif Muna.
 51239 | Elf:2    | Found a huge runed translucent gate.
 51239 | Elf:2    | Found a huge runed translucent gate.
 51239 | Elf:2    | Found a huge runed translucent gate.
 51239 | Elf:2    | Found a huge runed translucent gate.
 51241 | Elf:2    | Found a huge runed translucent gate.
 51501 | Elf:3    | Entered Level 3 of the Elven Halls
 51578 | Elf:3    | Found a transporter.
 51581 | Elf:3    | Found a transporter.
 51629 | Elf:3    | Found a transporter.
 51724 | Elf:3    | Found a transporter.
 52169 | Elf:3    | Identified the amulet of Xizudgh {Reflect Str+6 Int+4 Dex-4
                  | SH+5}
 52384 | Elf:3    | Identified the +1 flail of Nis Rume {heavy, rN+ Will+
                  | Str-3}
 52471 | Elf:3    | Identified the +9 broad axe of Doors {freeze, rF++}
 52471 | Elf:3    | Found the ring of the Octopus King {HP+2 MP+9 AC+2 EV+2
                  | SH+2}
 53050 | Elf:3    | Identified the +8 morningstar "Merygaas" {vamp, Int+2}
 53237 | Elf:3    | Got the Teachings on the Faeries
 53244 | Elf:3    | Got Wunypus's Quarto of the Shadowy Chill
 53352 | Elf:3    | Identified the +0 quarterstaff "Xaell" {flame, rF+ rN+}
 53648 | Elf:3    | Found a transporter.
 53650 | Elf:3    | Found a transporter.
 54102 | Depths:1 | Entered Level 1 of the Depths
 54399 | Depths:1 | Reached XP level 25. HP: 172/172 MP: 23/23
 54698 | Depths:1 | Found a one-way gateway to a ziggurat.
 55342 | Depths:1 | Found a one-way gate leading to the halls of Pandemonium.
 55439 | Depths:1 | Found Big Baal Hell's Store.
 55468 | Depths:1 | Found a gateway to Hell.
 57128 | Depths:2 | Noticed Asterion
 57129 | Depths:2 | Killed Asterion
 57215 | Depths:2 | Noticed Bai Suzhen
 57216 | Depths:2 | Killed Bai Suzhen
 57393 | Depths:2 | Identified the staff of earth "Gedwose" {Drain rCorr Str-5
                  | Dex+4}
 57431 | Depths:2 | Noticed Sojobo
 57433 | Depths:2 | Noticed a caustic shrike
 57434 | Depths:2 | Killed Sojobo
 57437 | Depths:2 | Identified the +7 long sword of Ylokkoboy {elec, rC+ rCorr
                  | Int+3}
 57777 | Depths:2 | Killed a caustic shrike
 57851 | Depths:2 | Identified the staff of earth "Vuschafiu" {rC+ rN+ Str-5}
 58346 | Depths:3 | Noticed Xtahua
 58348 | Depths:3 | Killed Xtahua
 58532 | Depths:2 | Northeastern area blocked off from rest of floor; contains
                  | two tengu warriors.
 58586 | Depths:3 | Found a one-way gate to the infinite horrors of the Abyss.
 58656 | Depths:3 | Noticed Boris
 58697 | Depths:3 | Killed Boris
 59205 | Depths:3 | Reached skill level 15 in Evocations
 59516 | Depths:3 | Identified the +2 battleaxe of Bunosmo {speed, MP+9}
 59643 | Depths:3 | Reached XP level 26. HP: 157/180 MP: 6/23
 59864 | Depths:3 | Noticed Vv
 60382 | Depths:4 | Entered Level 4 of the Depths
 60474 | Depths:4 | Noticed a juggernaut
 60476 | Depths:4 | Killed a juggernaut
 60738 | Depths:4 | Found a broken altar of Ashenzari.
 63437 | Shoals:2 | Noticed Polyphemus
 63439 | Shoals:2 | Killed Polyphemus
 65122 | Shoals:3 | Noticed Donald
 65123 | Shoals:3 | Killed Donald
 65594 | Shoals:3 | Noticed Ilsuiw
 65595 | Shoals:3 | Killed Ilsuiw
 67015 | Shoals:4 | Entered Level 4 of the Shoals
 67099 | Shoals:4 | manual of armour
 67722 | Shoals:4 | Got a barnacled rune of Zot
 69039 | Shoals:4 | Found Zaobro's Self-Improvement Boutique.
 69042 | Shoals:4 | Bought a manual of Short Blades for 960 gold pieces
 69743 | Shoals:4 | Reached XP level 27. HP: 186/186 MP: 22/23
 70205 | Vaults:5 | manual of axes next to mimic silver rune (southeast
                  | quadrant)
 70665 | Vaults:5 | Noticed an ancient lich
 70672 | Vaults:5 | Killed an ancient lich
 70819 | Vaults:5 | Identified the amulet of the Invisible Hand {RegenMP Str+3}
 70993 | Vaults:5 | Noticed an ancient lich
 70999 | Vaults:5 | Killed an ancient lich
 71182 | Vaults:5 | Got the Compilation of Toxicity
 71261 | Vaults:5 | Noticed a dread lich
 71268 | Vaults:5 | Killed a dread lich
 71515 | Vaults:5 | Identified the +1 robe of Noon {rPois Dex+5}
 72560 | Vaults:5 | Got a silver rune of Zot
 72561 | Vaults:5 | Silver rune in southwest quadrant.
 72715 | Vaults:5 | Got the Lessons on the Morgue
 73591 | Snake:4  | Bought the ring "Jotyl" {rPois rF+ rCorr Str+2 Int-2} for
                  | 420 gold pieces
 73720 | Slime:1  | Entered Level 1 of the Pits of Slime
 73886 | Slime:5  | Entered Level 5 of the Pits of Slime
 74140 | Slime:5  | Found a viscous altar of Jiyva.
 74141 | Slime:5  | Noticed the Royal Jelly
 74143 | Slime:5  | Killed the Royal Jelly
 75412 | Slime:5  | Identified the +10 quarterstaff of Egomania {vamp, Will+}
 75418 | Slime:5  | Identified the +2 scale mail of the Abyss {Slay+2}
 75468 | Slime:5  | Identified the +5 scale mail of the Sunfish {rElec rN+
                  | Slay+2}
 75513 | Slime:5  | manual of axes
 75567 | Slime:5  | Identified the +3 leather armour "Hamen" {Int+5}
 75577 | Slime:5  | Identified the staff of cold "Voar Tel" {rF+ rC+ rCorr}
 75582 | Slime:5  | Got a slimy rune of Zot
 75586 | Slime:5  | Identified the +7 scimitar of the Resonant God {venom, rC-
                  | Str+4}
 75913 | D:12     | Bought 2 scrolls of magic mapping for 150 gold pieces
 75915 | D:12     | Bought a potion of magic for 80 gold pieces
 75915 | D:12     | Bought a wand of mindburst (9) for 126 gold pieces
 75915 | D:12     | Bought a potion of flight for 30 gold pieces
 76155 | Depths:3 | Killed Vv
 76261 | Depths:3 | Voluntarily entered the Abyss.
 76327 | Abyss:2  | Found a corrupted altar of Lugonu.
 76485 | Abyss:3  | Found a corrupted altar of Lugonu.
 76777 | Abyss:3  | Gained mutation: You are very weak. (Str -4) [a neqoxec]
 76781 | Abyss:3  | Gained mutation: Your body sometimes deteriorates upon
                  | taking damage. [a neqoxec]
 76900 | Abyss:3  | Lost mutation: You are partially covered in large bone
                  | plates. (SH +4) [potion of mutation]
 76900 | Abyss:3  | Lost mutation: You are very weak. (Str -4) [potion of
                  | mutation]
 76900 | Abyss:3  | Lost mutation: You are weak. (Str -2) [potion of mutation]
 76900 | Abyss:3  | Gained mutation: Potions cannot restore your health.
                  | [potion of mutation]
 76900 | Abyss:3  | Gained mutation: You are partially covered in iridescent
                  | scales. (AC +2) [potion of mutation]
 77034 | Depths:3 | Escaped the Abyss
 77623 | Depths:4 | Found a gate to the Realm of Zot.
 78145 | Depths:4 | manual of unarmed combat
 78147 | Depths:4 | Identified the +3 plate armour "Ujoheg" {Harm Int+2}
 78148 | Depths:4 | Identified the +2 ring mail "Faopsoun" {Stlth+}
 78431 | Depths:1 | Bought a +0 pair of gloves of cold resistance for 759 gold
                  | pieces
 78585 | Zot:1    | Entered Level 1 of the Realm of Zot
 78586 | Zot:1    | silver - barnacled - serpentine
 79075 | Hell     | Entered the Vestibule of Hell
 79105 | Hell     | Noticed Geryon
 79106 | Hell     | Killed Geryon
 79231 | Hell     | Found a gateway to the Iron City of Dis.
 79418 | Hell     | Found a gateway to the decaying netherworld of Tartarus.
 79579 | Hell     | Reached skill level 27 in Stealth
 79603 | Hell     | Found a gateway to the ashen valley of Gehenna.
 79872 | Hell     | Found a gateway to the freezing wastes of Cocytus.
 80406 | Crypt:1  | Entered Level 1 of the Crypt
 82813 | Crypt:3  | Entered Level 3 of the Crypt
 83598 | Crypt:3  | Found a staircase to the Tomb.
 84377 | Crypt:3  | Identified the ring of Hiudab {rN+ Stlth+}
 84377 | Crypt:3  | Identified the amulet "Fodduan" {rPois Regen+ Str-4 Dex+4
                  | Stlth+}
 84377 | Crypt:3  | Identified the ring "Yhasch" {rN+ Int+2 Dex+3}
 84681 | Crypt:3  | Got the Exposition on Direction
 84801 | Crypt:3  | Found a basalt altar of Yredelemnul.
 85658 | Coc:1    | Entered Level 1 of Cocytus
 85961 | Coc:1    | Stairs to east of entrance.
 86773 | Coc:2    | Paralysed by a wendigo for 1 turns
 87359 | Coc:3    | stairs in the east
 87370 | Coc:4    | Paralysed by a wendigo for 1 turns
 87387 | Coc:4    | Noticed a shard shrike
 87390 | Coc:4    | Noticed a shard shrike
 87390 | Coc:4    | Noticed a shard shrike
 87392 | Coc:4    | Noticed a shard shrike
 88174 | Coc:4    | Paralysed by a wendigo for 1 turns
 89188 | Coc:4    | Noticed a shard shrike
 89203 | Coc:4    | Noticed a shard shrike
 89498 | Coc:4    | Killed a shard shrike
 89499 | Coc:4    | Reached skill level 15 in Throwing
 89567 | Coc:4    | Killed a shard shrike
 89781 | Coc:4    | Killed a shard shrike
 90498 | Coc:4    | Paralysed by a wendigo for 1 turns
 91453 | Coc:4    | Killed a shard shrike
 91679 | Coc:4    | Killed a shard shrike
 91687 | Coc:4    | Killed a shard shrike
 92030 | Coc:5    | Stairs in south.
 92102 | Coc:5    | Noticed a shard shrike
 92330 | Coc:5    | Noticed a shard shrike
 92345 | Coc:5    | Killed a shard shrike
 92409 | Coc:5    | Killed a shard shrike
 92670 | Coc:6    | Noticed a shard shrike
 92672 | Coc:6    | Killed a shard shrike
 92673 | Coc:6    | Noticed a shard shrike
 92674 | Coc:6    | Killed a shard shrike
 93041 | Coc:7    | Entered Level 7 of Cocytus
 93595 | Coc:7    | The first third of this floor consists of simulacrum,
                  | narguns, frost giants, and azure jellies. Not too bad.
 93689 | Coc:7    | Got the Volume of Incendiary Apparitions
 93690 | Coc:7    | Identified the ring "Ryqigou" {rN+ SInv}
 93714 | Coc:7    | In this eastern treasure room there are a titan and an ice
                  | fiend.
 93761 | Coc:7    | Just chainstabbed 13 enemies. B)
 94007 | Coc:7    | Reached skill level 27 in Dodging
 94047 | Coc:7    | Got the Collected Works on Fulgurous Composition
 94048 | Coc:7    | Identified the +2 sling of Tumult {freeze, rCorr MP+9
                  | Int+5}
 95016 | Coc:7    | Paralysed by a wendigo for 1 turns
 95284 | Coc:7    | Reached skill level 27 in Fighting
 95826 | Coc:7    | Noticed Antaeus
 96112 | Coc:7    | Killed Antaeus
 96116 | Coc:7    | Dude had a potion of brilliance on him.
 96186 | Coc:7    | Found the +8 orange crystal plate armour {Archmagi, Int+3
                  | Clar}
 96201 | Coc:7    | Identified the amulet "Gugg" {Spirit Int+2}
 96204 | Coc:7    | Got an icy rune of Zot
 96214 | Coc:7    | Identified the staff of conjuration "Roplaj" {Dex+3}
 96880 | Pan      | Entered Pandemonium
 96948 | Pan      | Identified the +6 long sword of Uskayaw's Regard {vamp,
                  | rPois}
 96982 | Pan      | Identified the +2 robe "Kuotisk" {Drain +Inv rN++ rCorr}
 97371 | Pan      | Identified the +4 spear of Wu Jian's Displeasure {heavy,
                  | rElec Int+2}
 97729 | Pan      | Found a white marble altar of Elyvilon.
 97747 | Pan      | Identified the +6 tower shield "Soemav" {Str+4}
 98351 | Pan      | Potion of lignification? Zin would not approve.
 98504 | Pan      | Found a glowing golden altar of the Shining One.
 98508 | Pan      | Noticed a seraph
 98509 | Pan      | Killed a seraph
 98510 | Pan      | Reached skill level 5 in Armour
 98516 | Pan      | Identified the +8 bardiche "Goblinbane" {spect, rC+}
 98525 | Pan      | Identified the staff of earth "Noytheo" {rPois rF+ rN++
                  | Str-2}
 98527 | Pan      | Identified the +14 crystal plate armour of the Carpenter
                  | {Regen+}
 98531 | Pan      | Got a demonic rune of Zot
 98547 | Pan      | Identified the +5 arbalest of Fortitude {elec, rN+ Will+++}
 98990 | Pan      | Lost mutation: You are strong-willed. (Will+) [potion of
                  | mutation]
 98990 | Pan      | Lost mutation: A frigid envelope surrounds you and freezes
                  | all who hurt you. [potion of mutation]
 98990 | Pan      | Lost mutation: Potions cannot restore your health. [potion
                  | of mutation]
 98990 | Pan      | Lost mutation: You are partially covered in iridescent
                  | scales. (AC +2) [potion of mutation]
 98990 | Pan      | Gained mutation: You have very sharp teeth. [potion of
                  | mutation]
 99071 | Pan      | Found an exit through the horrors of the Abyss.
 99375 | Pan      | Entered the realm of Gloorx Vloq.
100601 | Pan      | Noticed Gloorx Vloq
100623 | Pan      | Killed Gloorx Vloq
100725 | Pan      | Got a dark rune of Zot
101899 | Pan      | Found an exit through the horrors of the Abyss.
102165 | Pan      | Noticed Ceunur the pandemonium lord
102167 | Pan      | Killed Ceunur the pandemonium lord
102183 | Pan      | Entered the realm of Mnoleg.
102422 | Pan      | Got a glowing rune of Zot
102455 | Pan      | Noticed Mnoleg
102456 | Pan      | Killed Mnoleg
102880 | Pan      | Entered the realm of Lom Lobon.
102891 | Pan      | Got a magical rune of Zot
104505 | Pan      | Reached skill level 10 in Armour
104690 | Pan      | Noticed Lom Lobon
104701 | Pan      | Killed Lom Lobon
105423 | Pan      | Entered the realm of Cerebov.
105677 | Pan      | Identified the staff of poison "Girriziu" {rPois rF- rN+
                  | Will+ Int+5}
105694 | Pan      | Identified the staff of cold "Luofiargh" {rF+ rC+ Will+}
105766 | Pan      | Identified the +4 flail of the Volcano {venom, rC++ Str+3
                  | Int-4}
105834 | Pan      | Found the +6 sword of Cerebov {flame}
105834 | Pan      | Noticed Cerebov
105881 | Pan      | Killed Cerebov
105974 | Pan      | Got a fiery rune of Zot
106325 | Pan      | Noticed Umaoth the pandemonium lord
106355 | Pan      | Found an exit through the horrors of the Abyss.
106360 | Pan      | Took an exit into the Abyss.
106360 | Abyss:3  | Escaped into the Abyss
106475 | Abyss:3  | Found a transporter.
106530 | Abyss:3  | Got an abyssal rune of Zot
106538 | Abyss:3  | Found a transporter.
106538 | Abyss:3  | Noticed an ancient lich
106540 | Abyss:3  | Killed an ancient lich
106697 | Depths:2 | Escaped the Abyss
106827 | Depths:4 | Identified the staff of death "Ymamm" {rC+ rN+ Str+3
                  | Stlth+}
108097 | Zot:1    | Identified the +8 longbow "Cuful" {flame, rPois Int+3
                  | Dex+2}
108419 | Zot:1    | Identified the +1 dagger of the Big Fish {flame, rF+ Int+4}
108731 | Zot:2    | Reached skill level 27 in Short Blades
108805 | Zot:2    | Noticed an orb of fire
108844 | Zot:1    | Gained mutation: You are clumsy. (Dex -2) [an orb of fire]
109310 | Zot:2    | Noticed Parghit
109311 | Zot:2    | Killed Parghit
109405 | Zot:2    | Found a large runed translucent door.
109405 | Zot:2    | Found a large runed translucent door.
110749 | Zot:3    | Zot:3 has lots of dragons and draconians, and occasional
                  | moth of wrath.
111093 | Zot:4    | Identified the +5 halberd "Ywunu" {pain, Drain rF++ rC+++
                  | Str-4}
111367 | Zot:4    | Identified the staff of poison "Hobum" {rPois Str+3}
111368 | Zot:4    | Identified the ring "Mappob" {Fire rPois Will+ Int-3 Dex+2}
112468 | Zot:5    | Entered Level 5 of the Realm of Zot
112703 | Zot:5    | Noticed a dread lich
112705 | Zot:5    | Killed a dread lich
113054 | Zot:5    | Noticed a dread lich
113097 | Zot:5    | Noticed a Killer Klown
113101 | Zot:5    | Noticed an orb of fire
113112 | Zot:5    | Noticed a Killer Klown
113119 | Zot:5    | Gained mutation: You have a pair of small antennae on your
                  | head. [an orb of fire]
113461 | Zot:5    | Noticed a dread lich
113508 | Zot:4    | Killed a dread lich
113849 | Zot:5    | Noticed an orb of fire
113953 | Zot:5    | Got the Orb of Zot
114509 | D:5      | There's a blinking scroll in the bugs vault.
114608 | D:$      | Escaped with the Orb!

Illustrated notes b.#..###♣###.###♣###.#..# ###.###♣##.##♣###.###.# ♣###.##♣##.##♣##.###♣.. ..♣###.##♣#.#♣##.###♣# #.#♣###.#♣#.#♣#.###♣## .##♣♣##.##.##.##♣♣### ####♣♣#.♣.♣.#♣♣#### ######♣.♣.♣###### ......♣@♣...... ####♣.♣.♣#### #♣♣#.♣ ♣.#♣♣# #.# #.# .# #. Turn 35 on D:1: Starting vault consists of dead trees and translucent walls. #.# #.#..##.# #+# #.#..##.# #.#..##.# #.......# # ##†#.#### ## ####....# .. +.......# ## ####....# # #.@..... #.####.# #. # #+# #. # #.# #. # #.# ########.## ..........## ######.....# Turn 1328 on D:3: +1 ring mail of willpower in the north #.# #.# #.# #####.# #.....# ###+### #.##### #.....# #.# #.#'#.####.# +.#@#)'.##.# #.###.#....# #.....####.# ###+### #.# #.# #.# Turn 3203 on D:5: Temple in east #..##.##..#......#...##.#..#.## #..##.##..#.............#..#.## #......#..#......#.#.#.......## #######.#[#.#.#.#.#.#.#....[...## ..............................### .....##.#.#.#.#.#.#.#.##.##...### ...................).....###....# .....##.#.#.#.#.#.#)#.######.#..# ####.†..........@............#... #.##.#.#.#.#.#.#.#.#.........# ####.##............#.)...#...#..# ...............#................. #####...........................# ###............#...#.#..........# #..............##..#.#.......#.## #.#.#.#.#.#.#.................... #............................#.## Turn 4055 on D:1: D:2 uphatch is viable as much as the other stairs for orbrun. ..o..# .....# ####....# bB.#....# byB+@...# BsB#....# .#######....# ............# ###+# .....^......# #.... ########'######## #.#'# .........# +.#># #.....### #.### #<...## #.... Turn 4135 on D:5: Bugs vault in center of floor. #. #. ###.##### .?....... ####'#### # #.......# # #..@....# # #..≈♣≈..# # #.)≈≈≈..# # #..≈♣≈..# # #.......# ###### #.......# ...... ####'### #.#### #.# .## #.# Turn 5048 on D:6: 'H' deep water vault ########### ............ ....@........ ............. ...........# ........^..##. .............. ....##....... ### #....... #....## #....## Turn 9319 on D:9: +2 buckler in west ##'######..............###### ......)................# .......................# .......................# .......................# .......................# ................# #####'#####.....# ........@#.....####### .........######......# ..........+...'......# ##.......##...#......# #.......##...#......# [..........#......# ...........#......# ...........#......# ############......# Turn 9671 on D:9: +2 cloak in southeast ####### ########### #...... ..........###...... #..........'.#...... #.....).)..#.'...... #....)).)..###...... #..........# #...... ###'####### #.@...> #.# #[..... #.# #...... ## #.# ######+ #. #.# #. #.# ## #>## # #..# # ##.# ######### Turn 10499 on D:10: +1 cloak of preservation rCorr in northwest #.### ..##..#. #.##.#.# #.#†#.# #..†.# #...#.# #.#..##.# .#.##.#.##. ## #@##r.. ##.rr.. #..rl.. #.rrrrr ##...r. ###### Turn 21091 on Lair:3: RAT VAULT IN SOUTHEAST .)#))##..##.# ######.# #.# #..)..##.##.# #.########.# ..#....####.#########..........# ##.##..# #...........#######..# §####..####..########.## #..# ≈≈≈###..##...##........######.## ≈≈≈# ##..######...............# .≈≈## #..# #.........#####.# §≈≈≈###..# #.@[......# #.# §§.)....## #.........#####.# §§§§...## #............##.# §§§≈≈### ##.......###....# §.§### ##.....## ###### §..# ##...## ..## #### ### Turn 28652 on Snake:4: Nikola is in the southeast. ######## .#....... ......#### #...###..### #########...# ##.... #..........# ##### #..........# #... #..@[......# #... #..........#### #... #.............###... #..........##....... #......[...###..#.>. ####.# #...... #.###.^.... #.#........ #.<.##..... Turn 29067 on Snake:2: randart boots in northwest **,**,~~~~~~~~,~,,,,,,,,,~~~~ * ***,,,,,,~~~~~~~~~~,,,,,,,,,~~~ * *,,,,,,,~~~~~~~~~~~,,,~~~,,~~~~ * **..~~~~..,~~~~~~~~~~~~~~~~~~~~ ** #..~~~...~~~~~~~~Z~~~~,,,~~~~~ ,*##)~~~~...~..~~~~Z~,~,,,,,,,~~~ ,,....~~.#*#...~~~Z~∩,,,,,,,,,,,, ,,.......###....^~~Z~,,,,,,,,,,~~ *,....)~..##.<..@~~.Z,,,,,,,,*,~~ ,,...~~~~............,,,,,,,,*,~~ ,,.~~~~~~~........>..,,,,,,,,,,~~ ,,~~~~~~~~~~~~~......,,,,,,,,,~~~ ,~~~~~~~~~.~~~~......,,,,,,,~~~~~ ,~~~~~~~~...~~~~~,,,,,,,,,,,~~~~~ ~~~~~~~~~..~~~~~,,,,,,,,,,,,~~~~~ ~~~~~~~~~,,~~~~~~~~~~~~,,,~~~~~~~ ~~~~~~~~,,~~~~~~~~~~~~~~~~~~~~~~~ Turn 29570 on Shoals:1: Ice Cave just to the right! ## ...## .### ...### #..## ##....# ##..# ##.....# #..##########...@# .#...##...##...### #####...##...### ########## Turn 30602 on IceCv: Ice cave contains lots of simulacrum, ice devils, and even blizzard demons ## ## ##=#)## #$#.#[# .## ##.#.# ...##.#@## #....#### ## ####...## .### ##...### #..## ##....# ##..# ##.....# #..##########....### .#...##...##...### #####...##...### Turn 30618 on IceCv: phial of floods :) **,,,,,,,,,*+******,,,,*,,,* * *,,,,,,,,,,,,,,,,******,,,* * *,,,,,>,,,,,,,,,,,,,,,,,,,* # *,,,,,,,,,,*********,,,,,,* # *,,,,,,,,,,#...∩○..#,,,,,,* # **,,,,,,,,,,#.°...°°#****,,* # ,,,*****,,,,#○○....○# *,,* # ,,,*,,,*,,,*#....°○°# #..###### ,,,+,,,*,,,*#°○.@.○°# #........ ,,,*,,,*,,,*#○.°....# #........ ,,,*,,,*,,,*#°....○.### #......## ,,,*****,,,*#.....○.#.###......#. ,,,,,,,,,,,*#.°○..°.#..........#. ,,,,,,,,,,,,...................'. ,,,,,,,,,,,,.....###########...## *****,,,,,,,.....# #._... * *****,,,,....* #..... Turn 32491 on D:12: Bazaar in south .⌠....≈.## ∩..._....# .⌠....≈..# ...≈≈≈≈..# ≈≈≈≈.....# .........######...... #####..##.....##.# ##...†...###.## ...##....@.†..###P .>.##...###....... ........# #.#....P ##............. ......... ##^.... Turn 35100 on D:14: 3 potions of experience on D:14!!! #..##..# #..# #. #..##..# #..# #. #..##..####..# #. #............# #. ##..##........# #. #)..##........# #. ###)####........# #. #.....##........# #. ...@...##.......# #. .#####. #.......# #. #.......# #. #.......###. #........(.. #......###.. ##......# #). #.......# #.. ###.......# #.. Turn 36729 on D:15: OH WAIT I'M STUPID #..# ####..# #######.#...####### ##.....#.#.###.#...# #..............#..## #......#.......#..# #......###........## #...####.#.#####...#### ##.##.........#.@.....# ###..........#.......# #............#......## ###.####............# #########..###)...## ##.......##.# ###)## ##..§......### ##..## #..§.....≈..#####....### .............##........# Turn 58532 on Depths:2: Northeastern area blocked off from rest of floor; contains two tengu warriors. .~~≈≈≈≈≈≈≈≈≈≈ ..~~≈≈≈≈≈≈≈≈≈≈ ...~...~~~~≈≈≈ ......#######~~~ .......#######~~~ ..†..###~~##~~##~ .†....#~~)≈~~~# .....##~~#)#~~# ....)~# ≈~@~≈## ...## ~#~#~ ...## ~≈~ ...~## .....# ~....# ~..... ~~..... ~~..... Turn 67099 on Shoals:4: manual of armour ,,,**,,,,,,,****,,,,####.*,,* *,,,,,,,,,***,,,,,**#.....,,* **,,,,,,,**,,,,,,**,.....#,,* **,,,,,,,*,,,,,,,*,,.....#,,* *,,,,,,,**,,,,,,**,,.....#,,* *,,,,,,,*,,,,,,,*,,,,....#,,* *,,,,,,,*,,,,,,,*..,,,...#,,* ,,,,,,,**,,,***##!.,####.#,,* ,,,,,,,*,,*** #@.###)...#,,* ,,,,,,**,** ##)##).....#,,* ,,,,***,,* ###..#.......#,,* ,****,,,*####..[##.......*,,* ,,,,,,,,#.......#.......#*,,* ,,,,,,,,#.......#.......#*,,* ,,,,,,,##......##.......#*,,* ,,,,,,,#.)....)#.......#**,,* ,,,,,,##......##.).)...#**,,* Turn 70205 on Vaults:5: manual of axes next to mimic silver rune (southeast quadrant)

,,,,,,,,,*,,*,.......#,,....#....
,,*,,,,,*,,*,,........*,....#....
,,*,,,,*,,,,,,........,*....#....
,,*,,,*,,,,,,,........,,#...#....
,,*,,*,,,,,,,,#.......,,.#..#....
,,*,*,,,,,,,,*........,...#.#....
,,*,,,,,,,,,*,.............##....
,,*,,*,,,,,*,,......[....)..#....
,,*,*,,,,,*,,,..@..|.#......#....
,,*,,,,,,,,,,,......#)..)...#....
,,*,,,,,,,,,,,.....#.....#..#....
,,*,,,,,,,,,,,,,,,*....)#...#....
,,*,,,*,,,,,,,,,,*,,........#....
,,*,,*,,,,,,,,,,,,,,,....#..#....
,,*,,,,,,,,,,,,,,,,,,,,,*...#....
,,*,,,,,,,,,,,,,,,,,,,,*....#....
,,*,,,,,,,*,,,,,,,,*,,*,.........


Turn 72561 on Vaults:5: Silver rune in southwest quadrant.
##..?##..##).[##...... #.[.)......[[))##..... #?==.......")).##.....
##[.."....)...###..... ##..........####..... #......JJ....#.......
.......J.......#..... ##.....JJ ..####..... #?[.@.. #..... !(:!... #..... [?/?..
#..... ...... ...... ..... ... ... ... Turn 75513 on Slime:5: manual of axes
################################# .................................
§.§.............§§.§§.......§.§.. §≈≈§≈≈≈≈≈≈≈≈≈≈~§§≈§§§≈≈§§≈§≈§§≈≈≈
≈≈≈§§≈≈§≈≈≈§≈≈~§§§§§≈≈≈≈≈≈§≈§≈≈≈≈ #≈§≈§≈§§§§≈§≈≈~≈≈§≈§§≈≈≈≈≈≈≈≈####
#..........§§....§§.§...§..!.#... ##############################)). ##@|)#
#....#'## ∩).########....#.#. .)[#........)))#.#. ~≈)....?..)#))##[#.
~~[........#...)[#. ...#)..)...#..)).#. #############'#####)#.
.'....')......#[..#.#. .#....#)......#.#)..#. Turn 78145 on Depths:4: manual of
unarmed combat ..... ..>.. ..@.. ####+ Turn 78586 on Zot:1: silver - barnacled -
serpentine ~~~* *~~~~~~~* ~~~*******~~~,~~~* ~,~~~~~~~~~,,,~~~*
~,~~~~~~~~,,,~~~~* ,,~~~~~~~,,,~~≈≈≈# ,,,~~~~,,,,~~~≈≈≈# ~~,~~~,,,,~~~~≈≈≈#
~~~,,,,,,~~~~~≈≈≈# ≈≈≈.,,,,~~~~~~≈≈@#### #≈≈≈.,,~~~~~~~≈>≈≈≈≈#
≈≈≈..,,~~~~~~~≈.≈≈≈≈# ≈.∩≈≈~,,,,,,,,,≈≈≈≈≈# ..≈≈≈~~,,~~~~~~~~≈≈≈#
.≈≈≈≈~~,,~~~~~~~~≈≈≈# ≈~**~~~,,~~~~~~~≈≈≈≈# ~~**~~~~,~~~,,,~≈≈≈≈#
~~~~*~~~,,,,,^,~≈≈≈≈# Turn 85961 on Coc:1: Stairs to east of entrance. ≈...#
#..≈~.## ≈...## ##..### ≈≈...## ##..### .≈....## ##.^##.### .≈≈≈...###
##..~#....# ≈≈≈≈≈#...####..~~..#..## ≈≈...###...#...≈≈..##..#
≈≈.....≈≈≈....≈≈..###..# ≈........≈≈≈.≈≈.@.##...# ≈≈.........≈≈≈≈.......~#
~~..........≈≈≈≈.....~~# ~~≈..........≈≈≈≈≈~~~~≈# ~~≈≈.........≈≈≈~~~~≈≈≈#
~~≈≈.........≈....≈≈≈≈## ≈~~≈≈........~......≈≈# ..~≈≈≈......~~.......≈#
≈≈~~≈≈≈≈~~~~~~≈...≈≈≈≈# Turn 87359 on Coc:3: stairs in the east ≈≈≈# ...≈# ≈≈≈##
..≈≈# #≈≈≈# ##≈# ##≈## ..≈# #≈≈≈# .≈○# ≈#≈## .. ≈...≈# ≈○≈≈# ≈...#.##≈.≈.≈#
≈≈≈≈≈ ≈≈..≈°≈≈≈≈≈≈≈# ≈.@.≈≈≈#≈≈≈≈≈# ############## Turn 92030 on Coc:5: Stairs
in south. ~~~~~~~*** ********~~,,,** ~~~~~~~~~** ******~~~~~~~** ~~~~~~~~~~**
**~~~**~~~~~~** ******~~~~~****~~~~~~~~~~~~* ,,,,,**~~~~~~~~~~~~~~~~~~~**
,,,,,**,,~~~~~~~~~~~~~~~~** ,,,,,**,,,~~~~≈≈≈..≈≈≈≈≈≈##
******,,,,,~~~≈≈~...≈≈≈≈≈≈# ,^,,,,,,#.≈≈≈≈≈.@...~~~≈≈≈##
,,,,,,,*#.≈≈≈≈≈~....~~~~~≈≈# ,,,,,,,*#.≈≈≈≈≈~~..~≈≈~~~~≈#
,,,,,,**#.≈≈≈≈≈~~~~≈≈≈≈≈~~~## ,,,,,,* #.≈≈≈≈~~≈≈≈≈≈≈≈≈≈~~.# ,,,,,**
#..≈≈~~≈≈≈≈≈≈≈≈≈≈≈≈.# ,,,,** #..~~~≈≈≈≈≈≈≈≈≈≈≈≈..# ,,,** ##..~≈≈≈.≈≈≈≈≈≈≈≈..##
,*** #..≈≈≈..≈≈≈≈≈≈....# Turn 93595 on Coc:7: The first third of this floor
consists of simulacrum, narguns, frost giants, and azure jellies. Not too bad. *
*~~~**,,,,*** #...# ****~~~~~~~*** #...# *,*~~*~~~~**#######..##
,,,,,***~####..#....## ,,,,,* *##.....##...## ,,,,,* ##.....####...## ,,,,,*
#.....## ##....# ,,,*** #......###.....# **** #.......'@.....# #......##......#
##....####.....# ** ########≈≈...## ~** ######≈≈≈≈≈≈≈## ~~** ##≈≈≈##≈≈≈≈≈≈##
≈≈≈####≈≈≈≈≈≈≈≈≈≈≈≈# ≈≈≈≈≈≈≈≈≈≈≈≈≈≈≈≈≈≈## .≈≈≈≈≈≈≈≈≈≈≈≈≈≈≈≈## Turn 93714 on
Coc:7: In this eastern treasure room there are a titan and an ice fiend.
,,,,*,~~~~~~~~~**,,,,,,,,,,,,,**~ ,,,**,,,,~~~~~,**,,,,,,,,,,,,,*#.
,,**,,,,~~~~~~,**,,,,,,,,,,,,,##. ***,,,,~~~~~~,,,*************##..
,,,,,~~~~~~,,,,,,,,,,,,,,,^,..... ,,,~~~~~~~,,,,,,,,,,,,,,,,......#
~~~~~~~~,,,,,,.......,,,,.......# ~~~~~~,,,,,,,,........,,W......##
~~~~~,,,,,,,,,..@..............# ~~~,,,,,,,,,**#.....).........## ~,,,,,,,,****
###............#* ,,,,,,**** *##.....)...#* ,,,**** #####...##* **** ##≈## #
#################### ### ####...........≈≈.....##
..########.........≈≈≈≈≈C≈≈≈≈≈≈.. Turn 93761 on Coc:7: Just chainstabbed 13
enemies. B) *##################### *≈≈≈≈≈≈≈...@.........##
##≈≈≈≈≈≈≈C............## ## *##≈≈≈≈≈≈≈≈.)........#...####
≈###≈≈≈≈≈≈≈≈.........####....#.## ≈≈≈≈≈≈≈≈≈≈≈..........# ###..#..#
≈≈≈≈≈≈≈≈≈≈≈≈≈......#######...##.# ≈≈≈≈≈≈≈≈≈≈≈≈≈~...#####.#.#.####.#
≈≈≈≈≈≈≈≈≈≈≈≈~~.######....#.####.# ≈≈≈≈≈≈≈≈≈≈≈~~≈## #...##.....##.# Turn 96116 on
Coc:7: Dude had a potion of brilliance on him. #..# #### #..# #).( #..# #.).
##.# #'## ...# #... ...# #.≈≈ ...# #.≈8 ...# .###################.≈≈ ...#
......@..............†. ≈.## ..............)........ ≈.# #######################
≈≈# ############################ ≈≈####...........................
#≈≈≈≈...............##........... ##≈≈≈≈≈)..)....##..........####..
≈#≈≈≈≈≈≈≈.##..#####..###..## ##' ≈≈≈≈≈≈≈≈≈≈.#### #### #### #. Turn 98351 on Pan:
Potion of lignification? Zin would not approve. #.# #.#.# #.###### #.# #.#.##
#.##.... #.# #⌠...# #.##.... #.# ###..###.##..^. #.# #......#..... #.#
##...###..... #.# ##### #.......#... #.# #...# #####...#.## #.# #.@.# #.......
#.###...##########...#. #..(....'......# #..... #####...######.# #.#... #...#
#.# #.###. #...# #.# #.#<.# ##### #.###.#### #[#......' #######.#.#....# Turn
110749 on Zot:3: Zot:3 has lots of dragons and draconians, and occasional moth
of wrath. ##......######.#####.# #.# #. #......# #.......# #.# ## ###..##.###
#..#..### #.# #.........########'######### .........##........[...)..#
.#..##...##...............# ...####.###....#######....# ........#
#....#†y?..#....####### ...####.###....'@bs..+....#...... ...##
#...#...†#.B...#....#...... #.#.# ###.#....#######....#......
#.#.####.##...............#...... ........###........^......#......
...#####.#########'########...... #.## ##[#.........# #....... #.# #..##.....###
####.##. #.# #.###<...######### #.##[ Turn 114509 on D:5: There's a blinking
scroll in the bugs vault.

Levels and vault maps discovered:
D:1:      spicycebolla_arrival_xxxplode, layout_basic,
          ebering_ecumenical_altar_mist, st_stairs_12, minmay_misc_feat_pillars,
          serial_park_tiny_2
D:2:      layout_loops_ring, minmay_statues_item
D:3:      layout_loops_corners, nzn_overflow_gifts_of_might_and_magic
D:4:      layout_cave_pools, nicolae_uskayaw_en_pointe, lemuel_crystal_altar,
          lemuel_crystal_altar, minmay_misc_feat_encased,
          hangedman_decor_points, minmay_fractal_squares_5
D:5:      lemuel_insect_pit, layout_loops_ring,
          minmay_temple_entry_glassed_door, serial_shops, shop
D:6:      layout_loops_ring, mainiacjoe_overflow_divided_tiny,
          lemuel_crystal_altar, kennysheep_generic_room_11
D:7:      layout_loops_cross, uniq_maggie
D:8:      minmay_flawed_box, layout_cave_pools, serial_park,
          serial_park_tiny_pond, serial_park_square3
          [serial_park_minivault_5x5_3], serial_park_tiny_2, serial_park_square3
          [serial_park_minivault_5x5_1]
D:9:      layout_gridville, serial_shops, shop
D:10:     layout_roguey, mainiacjoe_overflow_large_starburst, erik_orc_3,
          roderic_serpentine_path
D:11:     layout_roguey, erik_lair_orcish_takeover
D:12:     layout_irregular_city, serial_shops, bzr_firewalk,
          nicolae_specific_store, minmay_misc_feat_x, cheibriados_altar_1,
          uniq_jorgrun
D:13:     layout_cave_pools, hellmonk_guarded_unrand_night
D:14:     layout_rooms, david_vaults_5, serial_bayou, serial_bayou_ford_a,
          serial_bayou_lagoon_a, serial_bayou_pond_d, serial_bayou_shore_a,
          palyth_stone_intersect, nicolae_gozag_zags_fifth_avenue, uniq_frances,
          uniq_kirke
D:15:     grunt_enter_depths_magical_seal, layout_long_grid, nicolae_wwwww,
          uniq_agnes
Temple:   hellmonk_temple_forest_ring
Lair:1:   layout_chaotic_city
Lair:2:   layout_loops_ring, minmay_shoals_entry_beasts,
          guppyfry_snake_entry_garden, gammafunk_ghost_cemetery, serial_rivers,
          chequers_serial_rivers_large_b, chequers_serial_rivers_room_a,
          chequers_serial_rivers_micro_c, chequers_serial_rivers_micro_b,
          chequers_serial_rivers_marsh, cheibrodos_lair_caveside_slide,
          minmay_lair_oklob_bushes
Lair:3:   lemuel_ratsnest, layout_gridlike, serial_bayou_shore_b
Lair:4:   layout_layer_cave, beast_lair_carwin_11
Lair:5:   hangedman_lair_caniforms_friends, layout_loops_ring, slime_entry_1,
          st_stairs_9, dreamdust_gnoll_shepherd
Shoals:1: layout_shoals, portal_ice_cave_entry_ice_simulacra
Shoals:2: layout_shoals, abandoned_shop, yaktaur_hedge, uniq_polyphemus
Shoals:3: layout_shoals, uniq_donald, uniq_ilsuiw
Shoals:4: shoals_end_grunt_ice, layout_shoals, nicolae_shop_self_help
Snake:1:  layout_chambers, gammafunk_ghost_grave
Snake:2:  layout_rooms, basic_altar, uniq_vashnia
Snake:3:  layout_gridlike, grunt_megastairs_5, serial_bayou_shore_b
Snake:4:  grunt_snake_rune_pools, layout_gridlike, basic_altar,
          nicolae_shop_unique_rings, drop_trap, st_stairs_12,
          grunt_megastairs_2, uniq_aizul, uniq_mara, uniq_nikola
Slime:1:  layout_caves
Slime:2:  layout_caves
Slime:3:  layout_caves
Slime:4:  layout_caves
Slime:5
Orc:1:    layout_diamond_mine, uniq_josephine, uniq_harold
Orc:2:    st_orc_pillars, layout_caves, uniq_saint_roka, uniq_snorg
Elf:1:    eino_elf_arrival_altar, layout_gridlike, minivault_28,
          lemuel_upstairs_altar
Elf:2:    elven_hall_of_blades_hangedman_alternative
          [nicolae_blade_entry_hurt_lockers], layout_rooms, minivault_20,
          due_unseen_surprise, minmay_shoptagon
Elf:3:    nooodl_elf_gasket, layout_geoelf_octagon, serial_nicolae_subway,
          nicolae_sub_station_metal, nicolae_sub_station_crystal,
          nicolae_sub_station_stone
Vaults:1: nicolae_vaults_oval_intersection, nicolae_vaults_more_shelving_1,
          nicolae_vaults_cornered_office, nicolae_vaults_offset_grid_hallway_4,
          nicolae_vaults_mini_display_case, nicolae_vaults_steering_wheel,
          vaults_dpeg_emergency_exit, nicolae_vaults_yaktaur_gun_rack,
          vaults_room_grunt_arrival_ludios, nicolae_vaults_cochlea,
          grunt_vaults_focal, nicolae_vaults_tetromino_L_2, layout_vaults_maze
Vaults:2: v_misc_11, nicolae_vaults_apartment_2, nicolae_vaults_sesquioval_fish,
          grunt_vaults_diagonal, nicolae_vaults_network_star,
          vaults_mumra_hexcomb, nicolae_vaults_shrinking_rooms_1,
          nicolae_vaults_hexular_roomagon, vaults_room_hallway,
          ontoclasm_vaults_ring_square, minmay_crypt_entry_simple_sparse,
          layout_vaults_big_room
Vaults:3: grunt_vaults_funnel, vaults_dpeg_encased_lava,
          nicolae_vaults_doubleplus_tesselated, v_misc_18, v_alt_pattern_4,
          st_hourglassy, v_rooms_6, v_misc_29, grunt_vaults_twisty,
          hangedman_vaults_impose, hangedman_vaults_stretched_pinwheel,
          ontoclasm_vaults_bender, vaults_room_pools,
          nicolae_vaults_little_squares_5, layout_vaults_ring
Vaults:4: nicolae_vaults_trapezoid_lopsided_3, v_misc_27,
          ontoclasm_vaults_twist, nicolae_vaults_closet_pinwheel_4, v_misc_23,
          v_misc_10, v_misc_4, vaults_standard_mumra_enter_the_diamond,
          nicolae_vaults_oozy_zoo, nicolae_vaults_rhombus_5,
          layout_vaults_quadrants, uniq_margery
Vaults:5
Crypt:1:  layout_rooms, grunt_crypt_arrival_guarded_gate, grunt_megastairs_1
Crypt:2:  layout_misc_corridors, grunt_ministairs_10
Crypt:3:  church_of_pain_bobbens, layout_chaotic_city, tomb_entry_shell_bobbens
Depths:1: layout_honeycomb, enter_ziggurat_c, pan_entry,
          nicolae_hell_entry_big_baal_hell, dk_noncrumbling_3, minivault_14,
          hangedman_decor_slide_cut, hangedman_abyss_or_decor_stagger,
          nrook_uturn
Depths:2: kennysheep_bubble_arena, layout_honeycomb, pan_entry,
          grunt_mini_vestibule, uniq_asterion, uniq_bai_suzhen, uniq_sojobo
Depths:3: minmay_connected_boxes_in_corner, layout_cave_shapes, abyss_entry,
          hell_entry, minmay_staircase_statues_hall_small, uniq_boris,
          uniq_xtahua, uniq_vv
Depths:4: lemuel_castle_with_subvaults [lemuel_castle_interior_carwin_3],
          layout_gridville, hangedman_abyss_entry_splay, grunt_pan_entry_zigzag,
          ashenzari_conservatory_becter, hell_entry
Hell
Coc:1:    layout_cocytus_water_paths
Coc:2:    layout_ice_bergs
Coc:3:    layout_ice_bergs
Coc:4:    layout_cocytus_water_paths
Coc:5:    layout_cocytus_delve
Coc:6:    layout_ice_bergs
Coc:7:    coc_mu
Zot:1:    minmay_elemental_castle, layout_basic
Zot:2:    layout_misc_corridors, ebering_ghost_disaster_area,
          lemuel_lake_of_fire, uniq_parghit
Zot:3:    layout_basic, st_single_dragon_hoard_3, grunt_megastairs_4
Zot:4:    layout_gridlike, st_small_dragon_hoard_1, hangedman_swamp_dais
Zot:5:    layout_basic

Skill      XL: |  1  2  3  4  5  6  7  8  9 10 11 12 13 14 15 16 17 18 19 20 21 22 23 24 25 26 27 |
---------------+----------------------------------------------------------------------------------+-----
Stealth        | 1 3 4 5 6 5 7 8 14 15 18 21 24 26 27 | 27.0
Dodging        | 4 5 7 8 9 10 11 12 13 14 16 17 19 21 22 27 | 27.0
Short Blades   | 5 7 8 10 12 15 16 17 27 | 27.0
Fighting       | 4 6 8 11 12 13 14 15 16 17 18 20 21 22 27 | 27.0
Evocations     | 2 4 6 8 10 12 13 15 16 18 | 18.6
Throwing       | 3 4 5 7 8 9 10 24 | 24.2
Armour         | 2 12 | 12.4

Action                     |  1- 3 |  4- 6 |  7- 9 | 10-12 | 13-15 | 16-18 | 19-21 | 22-24 | 25-27 || total
---------------------------+-------+-------+-------+-------+-------+-------+-------+-------+-------++-------
  Melee: Short sword       |    69 |    95 |   232 |  1052 |  1381 |       |       |       |       ||  2829
         Rapier            |     5 |       |       |       |   635 |   973 |   368 |  1690 |  5669 ||  9340
         Punch             |     1 |     2 |     3 |     9 |       |       |       |       |       ||    15
         Scimitar          |       |       |       |       |    36 |       |       |       |       ||    36
         Eudemon blade     |       |       |       |       |       |       |       |       |  1085 ||  1085
         Dagger            |       |       |       |       |       |       |       |       |   508 ||   508
         Bite              |       |       |       |       |       |       |       |       |   399 ||   399
  Throw: Stone             |     1 |     1 |     2 |    16 |    19 |     7 |       |     3 |     1 ||    50
         Throwing net      |     2 |     2 |     8 |    20 |    12 |     2 |     3 |     1 |    29 ||    79
         Dart              |       |       |     2 |     7 |     5 |     2 |     7 |    10 |    42 ||    75
         Boomerang         |       |       |       |       |     1 |     2 |       |       |    47 ||    50
 Invoke: Sacrifice Skill   |       |       |     1 |       |       |       |       |       |       ||     1
         Sacrifice Purity  |       |       |       |     1 |       |       |       |       |       ||     1
         Draw Out Power    |       |       |       |     3 |       |     1 |     2 |       |     5 ||    11
         Sacrifice a Hand  |       |       |       |     1 |       |       |       |       |       ||     1
         Apocalypse        |       |       |       |     1 |    10 |     7 |     1 |     9 |     4 ||    32
         Sacrifice an Eye  |       |       |       |     1 |       |       |       |       |       ||     1
         Sacrifice Courage |       |       |       |       |     1 |       |       |       |       ||     1
  Evoke: Wand              |       |       |       |     9 |     4 |     1 |     1 |     2 |    41 ||    58
         Tin of tremorston |       |       |       |       |       |       |     2 |       |     5 ||     7
         Phial of floods   |       |       |       |       |       |       |     1 |       |     1 ||     2
         Lightning rod     |       |       |       |       |       |       |       |       |     2 ||     2
         Box of beasts     |       |       |       |       |       |       |       |       |     1 ||     1
         Phantom mirror    |       |       |       |       |       |       |       |       |     1 ||     1
    Use: Scroll            |       |     3 |    11 |    12 |    17 |     7 |     1 |     5 |    50 ||   106
         Potion            |       |     1 |     7 |     5 |     3 |     4 |    16 |     6 |    55 ||    97
   Stab: Sleeping          |    14 |    16 |    26 |     7 |    42 |    65 |    29 |    91 |   615 ||   905
         Held in net/web   |       |       |     5 |    21 |     9 |     3 |     2 |     1 |    28 ||    69
         Distracted        |       |       |     1 |     3 |    17 |    15 |     7 |    46 |   248 ||   337
         Invisible         |       |       |       |     8 |    16 |     7 |       |     7 |    93 ||   131
         Paralysed         |       |       |       |     5 |    22 |     6 |     5 |    15 |    18 ||    71
         Petrified         |       |       |       |       |     1 |       |       |       |     2 ||     3
         Petrifying        |       |       |       |       |       |       |       |       |     1 ||     1
 Armour: Leather armour    |    10 |       |       |       |       |       |       |       |       ||    10
         Ring mail         |       |    12 |    24 |   106 |    17 |       |       |       |       ||   159
         Skin              |       |       |     2 |       |       |       |       |       |       ||     2
         Troll leather arm |       |       |       |       |   189 |    42 |       |       |       ||   231
         Robe              |       |       |       |       |       |    13 |    31 |    94 |   396 ||   534
  Dodge: Dodged            |    40 |    45 |   105 |   484 |  1563 |   524 |   226 |   985 |  5906 ||  9878
  Block: Buckler           |       |       |       |    19 |       |       |       |       |       ||    19
         Other             |       |       |       |       |       |       |    33 |   145 |   158 ||   336
